 Dungeon Crawl Stone Soup version 0.30.0-29-ga12c61a403 (webtiles) character file.

Game seed: 13346498125816303520

269130 qw the Peltast (level 20, 134/134 HPs)
             Began as a Gargoyle Fighter on June 5, 2023.
             Was a High Priest of Okawaru.
             Quit the game on level 2 of the Vaults.
             The game lasted 00:28:03 (30137 turns).

qw the Peltast (Gargoyle Fighter)                  Turns: 30137, Time: 00:28:03

Health: 134/134    AC: 46    Str: 37    XL:     20   Next: 57%
Magic:  36/36      EV: 16    Int: 11    God:    Okawaru [*****.]
Gold:   1440       SH: 20    Dex: 13    Spells: 19/19 levels left

rFire   + + +        M - +5 broad axe of Spontaneous Combustion {freeze, Will+ Dex+2}
rCold   + . .        F - +0 tower shield
rNeg    + . .        m - +4 plate armour of Okawaru's Benevolence {rF+ MP+9 Str+3}
rPois   inf          u - +2 helmet {SInv}
rElec   +            v - -2 cloak "Imek" {Str+4 Dex+2}
rCorr   .            h - +1 pair of gloves "Usoen" {-Cast rF+++ Regen+}
SInv    +            y - +2 pair of boots
Will    ++...        e - amulet of faith Stlth
                     i - +5 ring of evasion
HPRegen 1.22/turn    K - ring of Hount {rC+ Str+3}
MPRegen 0.25/turn

%: no spellcasting, faith
@: flying
A: sickness immunity, AC +15, big wings, negative energy resistance 1,
electricity resistance, torment resistance 1, petrification resistance
}: 1/15 runes: serpentine
a: Renounce Religion, Heroism, Finesse, Duel


You were on level 2 of the Vaults.
You worshipped Okawaru.
Okawaru was extremely pleased with you.
You visited 7 branches of the dungeon, and saw 32 of its levels.

You collected 3992 gold pieces.
You spent 2552 gold pieces at shops.


Innate Abilities, Weirdness & Mutations

You are immune to sickness and miasma.
Your stone body is resilient. (AC +15)
You are immune to poison.
Your large and strong wings let you fly.
You resist negative energy. (rN+)
You are resistant to electric shocks. (rElec)
You are resistant to unholy torment.
You are immune to petrification.


   Skills:
 - Level 17.0 Fighting
 - Level 18.0 Axes
 - Level 8.8 Throwing
 + Level 16.0 Armour
 - Level 6.0 Dodging
 - Level 19.3 Shields
 - Level 10.0 Invocations


You had 19 spell levels left.
You didn't know any spells.
Your spell library was empty.

Inventory:

Hand Weapons
 o - a +4 broad axe of chaos
 C - a +4 vampiric war axe
 G - the +4 war axe of the Bespelling Hero {heavy, rF++ rN+ Dex-3}
   (Okawaru gifted it to you on level 13 of the Dungeon)

   Dex:       It affects your dexterity (-3).
   rF:        It greatly protects you from fire.
   rN:        It protects you from negative energy.
 M - the +5 broad axe of Spontaneous Combustion (weapon) {freeze, Will+ Dex+2}
   (Okawaru gifted it to you on level 1 of the Vaults)

   Dex:       It affects your dexterity (+2).
   Will:      It increases your willpower.
Missiles
 s - 34 boomerangs (quivered)
Armour
 h - the +1 pair of gloves "Usoen" (worn) {-Cast rF+++ Regen+}
   (Okawaru gifted it to you on level 1 of the Lair of Beasts)

   rF:        It renders you almost immune to fire.
   -Cast:     It prevents spellcasting.
   Regen:     It increases your rate of health regeneration.
 j - +0 acid dragon scales
 m - the +4 plate armour of Okawaru's Benevolence (worn) {rF+ MP+9 Str+3}
   (Okawaru gifted it to you on level 5 of the Lair of Beasts)

   Str:       It affects your strength (+3).
   rF:        It protects you from fire.
   MP:        It affects your magic capacity (+9).
 r - a +0 plate armour of cold resistance
 u - a +2 helmet of see invisible (worn)
 v - the -2 cloak "Imek" (worn) {Str+4 Dex+2}
   (You acquired it on level 2 of the Snake Pit)

   Str:       It affects your strength (+4).
   Dex:       It affects your dexterity (+2).
 y - a +2 pair of boots (worn)
 F - a +0 tower shield (worn)
 H - +0 ice dragon scales
 J - the +4 pair of gloves "Nawem" {rC++ rN+}
   (Okawaru gifted it to you on level 2 of the Vaults)

   rC:        It greatly protects you from cold.
   rN:        It protects you from negative energy.
Jewellery
 b - a ring of resist corrosion
 e - an amulet of faith (around neck)
 i - a +5 ring of evasion (left hand)
 k - a ring of fire
 q - an amulet of regeneration
 x - the ring of the Moon {rC- Will+ Int+2 SInv}
   (You took it off a wight on level 7 of the Dungeon)

   [ring of willpower]

   Int:       It affects your intelligence (+2).
   rC:        It makes you vulnerable to cold.
   SInv:      It lets you see invisible.
   Will:      It increases your willpower.
 D - a ring of protection from fire
 I - a ring of protection from cold
 K - the ring of Hount (right hand) {rC+ Str+3}
   (You found it on level 13 of the Dungeon)

   [ring of protection from cold]

   Str:       It affects your strength (+3).
   rC:        It protects you from cold.
 Y - a +4 ring of protection
Wands
 E - a wand of digging (12)
Scrolls
 p - 2 scrolls of identify
Potions
 a - 4 potions of lignification
 c - 8 potions of heal wounds
 d - 6 potions of might
 f - 2 potions of attraction
 g - 8 potions of curing
 l - 2 potions of cancellation
 t - 3 potions of magic
 z - 5 potions of haste
 A - 4 potions of mutation
 B - 3 potions of resistance

Dungeon Overview and Level Annotations

Branches:
Dungeon (15/15)            Temple (1/1) D:4            Lair (5/5) D:8
 Shoals (3/4) Lair:3        Snake (4/4) Lair:3        Slime (0/5) Lair:4
    Orc (2/2) D:9             Elf (0/3) Orc:2        Vaults (2/5) D:13
 Depths (0/4) D:15
  Crypt: Vaults:2-3

Altars:
Ashenzari
Cheibriados
Dithmenos
Elyvilon
Fedhas
Gozag
Hepliaklqana
Kikubaaqudgha
Makhleb
Nemelex Xobeh
Okawaru
Qazlal
Ru
Sif Muna
Trog
Uskayaw
Vehumet
Wu Jian
Xom
Yredelemnul
Zin
The Shining One

Shops:
D:3 (   Orc:2 [([:   Shoals:1 [   Snake:1 !(?

Portals:
Ice
Cave: Orc:2

Annotations:
D:12 2 transporters, Neel Ube's ghost, journeyman FoFi
Shoals:2 3 runed translucent doors, thechecker02's ghost, adept GnFi
Snake:2 3 runed translucent doors, Liforeniyw's ghost, adept MiBe
Orc:1 1 runed translucent door, Dootley's ghost, journeyman FoFi


Message History

Enter note:
Enter note:
Enter note:
Enter note:
Enter note:
Enter note:
Enter note:
Enter note:
Enter note:
Enter note:
Enter note:
Enter note:
Enter note:
Enter note:
30113 ||| Stepping randomly (stuck).
There is an open door here.
30114 ||| Stepping randomly (stuck).
30115 ||| Stepping randomly (stuck).
30116 ||| Stepping randomly (stuck).
30117 ||| Stepping randomly (stuck).
30118 ||| Stepping randomly (stuck).
30119 ||| Stepping randomly (stuck).
30120 ||| Stepping randomly (stuck).
30121 ||| Stepping randomly (stuck).
30122 ||| Stepping randomly (stuck).
30123 ||| Stepping randomly (stuck).
30124 ||| Stepping randomly (stuck).
30125 ||| Stepping randomly (stuck).
30126 ||| Stepping randomly (stuck).
30127 ||| Stepping randomly (stuck).
30128 ||| Stepping randomly (stuck).
30129 ||| Stepping randomly (stuck).
30130 ||| Stepping randomly (stuck).
30131 ||| Stepping randomly (stuck).
30132 ||| Stepping randomly (stuck).
30133 ||| Stepping randomly (stuck).
30134 ||| Stepping randomly (stuck).
30135 ||| Stepping randomly (stuck).
30136 ||| Stepping randomly (stuck).
Are you sure you want to abandon this character and quit the game? (Confirm with "yes".)

#..').....(_..p#..#
#..'[.#...._.#.#..#
#..#......... #..###
#..####.....####..'..
#.....#.#.#.#.....'.. .
#.....#.....#.....#..
....#####.....#######.....#..
........'.................#..
#####.#.#...@.............#..
# #.##################### #.#
..# ###


There were no monsters in sight!

Vanquished Creatures
  Saint Roka (Snake:3)
  Mlioglotl (Snake:4)
  2 sphinxes (Vaults:1)
  Gastronok (D:9)
  A kraken (Shoals:1)
  Ilsuiw (Shoals:2)
  2 fire giants (Vaults:1)
  2 nagarajas
  4 vault wardens
  Aizul (Snake:3)
  2 angels (Vaults:2)
  5 ironbound preservers
  4 ironbound thunderhulks
  2 very ugly things
  A war gargoyle (Vaults:2)
  A stone giant (Vaults:1)
  4 dire elephants (Vaults:2)
  Snorg (Lair:3)
  A deep elf death mage (Vaults:2)
  4 merfolk javelineers
  An eidolon (Vaults:2)
  2 merfolk impalers
  An entropy weaver (Vaults:1)
  6 yaktaur captains
  A rakshasa (D:13)
  5 great orbs of eyes
  An ice dragon (D:13)
  6 hydras
  5 salamander tyrants (Snake:4)
  2 vault guards
  5 ironbound frosthearts
  A merfolk avatar (Lair:5)
  10 anacondas
  16 centaur warriors
  A catoblepas (Lair:4)
  20 death yaks
  17 naga warriors
  9 boulder beetles
  2 tengu warriors (D:13)
  4 two-headed ogres
  2 satyrs (Shoals:3)
  A deep troll earth mage (D:13)
  5 naga sharpshooters
  11 shock serpents
  3 orc high priests (Orc:2)
  7 skysharks
  6 salamander mystics
  A shock serpent (shapeshifter) (Vaults:2)
  Nergalle (Lair:1)
  A skeletal warrior (Vaults:2)
  A deep troll (shapeshifter) (Vaults:1)
  6 naga ritualists
  5 deep trolls (Vaults:1)
  16 sea snakes
  8 wizards
  A necromancer (D:12)
  8 orc knights
  An orange crystal statue (D:14)
  A harpy (shapeshifter) (D:15)
  9 deep elf pyromancers
  14 harpies
  5 lindwurms
  3 ironbound convokers
  7 mana vipers
  5 cyclopes
  4 orc sorcerers
  18 fauns
  26 ugly things
  11 manticores
  17 salamanders
  7 guardian serpents
  12 merfolk sirens
  8 vault sentinels
  7 elephants
  14 naga magi
  A water nymph (Shoals:2)
  38 black mambas
  2 gargoyles
  An unseen horror (shapeshifter) (D:13)
  An unseen horror (D:11)
  12 cane toads
  11 yaktaurs
  8 rime drakes
  7 komodo dragons
  4 trolls
  2 kobold demonologists
  15 merfolk
  3 wind drakes
  3 meliai
  A meliai (shapeshifter) (D:13)
  2 hornets (Lair:5)
  Grinder (D:5)
  10 polar bears
  11 blink frogs
  6 dream sheep (Lair:5)
  A polar bear (shapeshifter) (D:13)
  Prince Ribbit (D:5)
  8 snapping turtles
  25 slime creatures
  A centaur simulacrum (D:14)
  5 wraiths
  A culicivora (shapeshifter) (D:14)
  A jumping spider (Vaults:1)
  5 wyverns
  3 water elementals
  A shadow (D:11)
  Eustachio (D:4)
  91 yaks
  2 vampires
  A redback (Vaults:1)
  4 basilisks
  A steam dragon (D:7)
  5 vampire mosquitoes
  4 acid dragons
  49 nagas
  Edmund (D:6)
  2 wargs
  18 water moccasins
  4 ice beasts (D:8)
  5 black bears
  32 orc warriors
  8 ogres
  A sky beast (D:7)
  12 wolves
  16 centaurs
  A boggart (Vaults:2)
  4 kobold brigands
  A phantom (D:4)
  3 gnoll sergeants
  16 bullfrogs
  5 scorpions
  4 wights (D:7)
  12 killer bees
  6 electric eels
  A gnoll bouda (D:6)
  2 hounds (D:5)
  15 orc priests
  Ijyb (D:3)
  An iguana (D:5)
  A sleepcap (D:8)
  21 orc wizards
  6 hell rats (Lair:1)
  3 polar bear simulacra (D:12)
  2 yak simulacra (D:12)
  4 wolf simulacra (D:12)
  Robin (D:3)
  6 river rats (Lair:1)
  5 adders
  14 gnolls
  A shadow imp (D:5)
  4 white imps
  An ufetubus (Vaults:1)
  A dart slug (D:3)
  70 orcs
  8 ball pythons
  5 bats (D:1)
  6 endoplasms
  8 giant cockroaches
  11 goblins
  8 hobgoblins
  7 jackals
  3 quokkas
  34 kobolds
  16 rats
  2 river rat simulacra (D:12)
  A butterfly (Lair:4)
  2 tentacles (Shoals:1)
1179 creatures vanquished.

Vanquished Creatures (others)
  A deep troll (Vaults:1)
  A faun (Shoals:3)
  2 yaks (Lair:5)
  An orc (Vaults:2)
  9 tentacles (Shoals:1)
14 creatures vanquished.

Grand Total: 1193 creatures vanquished

Notes
Turn   | Place    | Note
-------+----------+-------------------------------------------
     0 | D:1      | qw the Gargoyle Fighter began the quest for the Orb.
     0 | D:1      | Reached XP level 1. HP: 14/14 MP: 1/1
     0 | D:1      | 0 ||| qw: Version: 0.2-a-108-gee2c290
     0 | D:1      | 0 ||| qw: Game counter: 1373
     0 | D:1      | 0 ||| qw: Always use a shield: true
     0 | D:1      | 0 ||| qw: God list: Okawaru
     0 | D:1      | 0 ||| qw: Allow faded altars: false
     0 | D:1      | 0 ||| qw: Do Orc after D:15 true
     0 | D:1      | 0 ||| qw: Do second Lair branch before Depths: true
     0 | D:1      | 0 ||| qw: Lair rune preference: random
     0 | D:1      | 0 ||| qw: Plans: Normal, Zot:1-4, Slime:5, God:TSO, Crypt,
                  | Tomb, Abyss, Pan, Hells, Win
     0 | D:1      | 0 ||| PLANNING D:1-11
    93 | D:1      | 93 ||| Stepping ~*~*~tactically~*~*~ (stealth).
    98 | D:1      | Reached XP level 2. HP: 19/19 MP: 2/2
   117 | D:1      | 117 ||| Stepping ~*~*~tactically~*~*~ (hiding).
   120 | D:1      | 120 ||| Stepping ~*~*~tactically~*~*~ (hiding).
   135 | D:1      | 135 ||| Stepping ~*~*~tactically~*~*~ (stealth).
   324 | D:1      | Reached skill level 3 in Axes
   428 | D:1      | Reached XP level 3. HP: 23/23 MP: 3/3
   821 | D:1      | 821 ||| Stepping ~*~*~tactically~*~*~ (stealth).
   949 | D:1      | 949 ||| READING 2 scrolls labelled HOHETT EHISMU.
   950 | D:1      | 950 ||| READING scroll labelled BIAFEOQ MALUK.
   951 | D:1      | 951 ||| READING scroll labelled ABAVIF POEKHA.
   954 | D:1      | 954 ||| DROPPING scroll of magic mapping.
   972 | D:2      | 972 ||| STAIRDANCE
  1268 | D:2      | Reached XP level 4. HP: 25/28 MP: 4/4
  1349 | D:2      | 1349 ||| UPGRADING to +0 pair of gloves.
  1354 | D:2      | 1354 ||| UPGRADING to +6 ring of strength.
  1355 | D:2      | 1355 ||| UPGRADING to +4 ring of protection.
  1356 | D:2      | 1356 ||| READING scroll labelled FOB IFEFYG.
  1357 | D:2      | 1357 ||| READING scroll labelled SEID URIXI.
  1358 | D:2      | 1358 ||| READING 2 scrolls labelled UMODEISSOH.
  1359 | D:2      | 1359 ||| READING scroll of enchant weapon.
  1359 | D:2      | 1359 ||| ENCHANTING +1 war axe.
  1360 | D:2      | 1360 ||| READING scroll labelled ELER LYORO.
  1361 | D:2      | 1361 ||| DRINKING 2 amethyst potions.
  1418 | D:3      | 1418 ||| DROPPING +0 club.
  1663 | D:3      | 1663 ||| Stepping ~*~*~tactically~*~*~ (hiding).
  1792 | D:3      | Found Qenyff's Weapon Shoppe.
  1801 | D:3      | 1801 ||| BUYING +0 flail (49 gold).
  1801 | D:3      | Bought a +0 flail for 49 gold pieces
  1801 | D:3      | 1801 ||| SHOPLISTING +0 hand axe of flaming (103 gold, have
                  | 59).
  1801 | D:3      | 1801 ||| DROPPING +0 whip.
  1927 | D:3      | Noticed Robin
  1929 | D:3      | 1929 ||| Stepping ~*~*~tactically~*~*~ (hiding).
  1943 | D:3      | Killed Robin
  1947 | D:3      | Noticed Ijyb
  1958 | D:3      | Killed Ijyb
  1959 | D:3      | Reached XP level 5. HP: 18/32 MP: 5/5
  2154 | D:3      | 2154 ||| UPGRADING to +0 helmet.
  2159 | D:3      | 2159 ||| UPGRADING to +0 chain mail.
  2169 | D:3      | 2169 ||| DROPPING +0 scale mail.
  2170 | D:3      | 2170 ||| UPGRADING to +0 chain mail of cold resistance.
  2180 | D:3      | 2180 ||| DROPPING +0 chain mail.
  2181 | D:3      | 2181 ||| UPGRADING to +1 helmet of see invisible.
  2191 | D:3      | 2191 ||| DROPPING +0 helmet.
  2192 | D:3      | 2192 ||| READING scroll labelled OROAKA HUEBROCKU.
  2215 | D:3      | 2215 ||| READING scroll labelled BAPUGE SIRUI.
  2224 | D:4      | Found a hazy altar of Hepliaklqana.
  2224 | D:4      | Found a glowing golden altar of the Shining One.
  2253 | D:4      | Noticed Eustachio
  2254 | D:4      | 2254 ||| Stepping ~*~*~tactically~*~*~ (stealth).
  2255 | D:4      | 2255 ||| Stepping ~*~*~tactically~*~*~ (stealth).
  2290 | D:4      | Killed Eustachio
  2291 | D:4      | Reached XP level 6. HP: 28/37 MP: 6/6
  2375 | D:4      | Noticed a black bear
  2383 | D:4      | Killed a black bear
  2430 | D:4      | 2430 ||| Stepping ~*~*~tactically~*~*~ (stealth).
  2457 | D:4      | Reached skill level 6 in Axes
  2549 | D:4      | Found a staircase to the Ecumenical Temple.
  2550 | D:4      | 2550 ||| PLANNING TEMPLE
  2550 | D:4      | 2550 ||| DRINKING 2 pink potions.
  2563 | Temple   | Entered the Ecumenical Temple
  2587 | Temple   | 2587 ||| PLANNING OKAWARU WORSHIP
  2600 | Temple   | Became a worshipper of Warmaster Okawaru
  2600 | Temple   | 2600 ||| PLANNING D:1-11
  2661 | D:4      | Found a hide-covered altar of Uskayaw.
  2883 | D:4      | Reached skill level 1 in Dodging
  2883 | D:4      | Reached XP level 7. HP: 44/44 MP: 7/7
  2955 | D:4      | 2955 ||| READING scroll labelled WIRAJACW LUODUA.
  2970 | D:5      | Entered Level 5 of the Dungeon
  3077 | D:5      | Noticed Grinder
  3089 | D:5      | Killed Grinder
  3089 | D:5      | Reached * piety under Okawaru
  3090 | D:5      | Reached XP level 8. HP: 38/48 MP: 8/8
  3314 | D:5      | Reached skill level 1 in Invocations
  3743 | D:5      | Noticed Prince Ribbit
  3744 | D:5      | 3744 ||| INVOKING Heroism.
  3752 | D:5      | Killed Prince Ribbit
  3753 | D:5      | Reached skill level 3 in Invocations
  3908 | D:5      | 3908 ||| UPGRADING to +2 buckler of protection.
  3918 | D:5      | 3918 ||| DROPPING +0 buckler.
  3919 | D:5      | 3919 ||| READING scroll labelled HAORIEFEGO.
  3920 | D:5      | 3920 ||| READING scroll labelled QOT JONIVVUTO.
  3921 | D:5      | 3921 ||| READING scroll labelled ITYMIT MAOCEU.
  3922 | D:5      | 3922 ||| DRINKING 3 murky red potions.
  3923 | D:5      | 3923 ||| READING 2 scrolls of identify.
  3923 | D:5      | 3923 ||| IDENTIFYING silvery potion
  3924 | D:5      | 3924 ||| DROPPING potion of flight.
  4006 | D:6      | Noticed Edmund
  4007 | D:6      | 4007 ||| INVOKING Heroism.
  4018 | D:6      | Killed Edmund
  4036 | D:6      | 4036 ||| DROPPING +0 flail.
  4216 | D:6      | Reached ** piety under Okawaru
  4217 | D:6      | Reached XP level 9. HP: 48/55 MP: 12/12
  4261 | D:6      | Reached skill level 6 in Fighting
  4366 | D:6      | 4366 ||| INVOKING Heroism.
  4566 | D:6      | 4566 ||| SWAPPING to +4 broad axe.
  4572 | D:6      | 4572 ||| DRINKING 2 potions of curing.
  4572 | D:6      | 4572 ||| (to cure confusion)
  4575 | D:6      | 4575 ||| DROPPING +2 war axe.
  4757 | D:6      | 4757 ||| DRINKING 2 viscous amethyst potions.
  4758 | D:6      | 4758 ||| DROPPING potion of degeneration.
  4864 | D:7      | 4864 ||| Stepping ~*~*~tactically~*~*~ (hiding).
  4876 | D:7      | 4876 ||| Stepping ~*~*~tactically~*~*~ (stealth).
  4992 | D:7      | Noticed a deep elf pyromancer
  4993 | D:7      | 4993 ||| Stepping ~*~*~tactically~*~*~ (hiding).
  5000 | D:7      | Noticed a cyclops
  5001 | D:7      | 5001 ||| INVOKING Heroism.
  5004 | D:7      | Killed a deep elf pyromancer
  5005 | D:7      | Reached skill level 9 in Axes
  5006 | D:7      | HP: 5/55 [cyclops (22)]
  5007 | D:7      | 5007 ||| READING scroll of teleportation.
  5008 | D:7      | 5008 ||| DRINKING potion of heal wounds.
  5278 | D:7      | Noticed a manticore
  5279 | D:7      | 5279 ||| INVOKING Heroism.
  5288 | D:7      | Killed a manticore
  5288 | D:7      | Reached *** piety under Okawaru
  5289 | D:7      | Reached skill level 5 in Shields
  5356 | D:7      | 5356 ||| Stepping ~*~*~tactically~*~*~ (stealth).
  5357 | D:7      | 5357 ||| Stepping ~*~*~tactically~*~*~ (stealth).
  5364 | D:7      | 5364 ||| INVOKING Heroism.
  5368 | D:7      | Reached XP level 10. HP: 63/63 MP: 10/13
  5420 | D:7      | Noticed a cyclops
  5421 | D:7      | 5421 ||| FLEEEEING.
  5422 | D:7      | 5422 ||| FLEEEEING.
  5620 | D:7      | Identified the ring of the Moon {rC- Will+ Int+2 SInv}
  5621 | D:7      | 5621 ||| Stepping ~*~*~tactically~*~*~ (stealth).
  5623 | D:7      | 5623 ||| Stepping ~*~*~tactically~*~*~ (stealth).
  5650 | D:7      | 5650 ||| DROPPING +0 war axe of electrocution.
  5661 | D:7      | Identified the staff of cold "Yrghaargh" {rPois rC+ Str+3}
  5674 | D:7      | 5674 ||| INVOKING Heroism.
  5675 | D:7      | 5675 ||| Stepping ~*~*~tactically~*~*~ (cloud).
  5698 | D:7      | 5698 ||| INVOKING Heroism.
  5710 | D:7      | Killed a cyclops
  5711 | D:7      | Reached skill level 3 in Dodging
  5725 | D:7      | 5725 ||| Stepping ~*~*~tactically~*~*~ (hiding).
  5727 | D:7      | 5727 ||| INVOKING Heroism.
  5735 | D:7      | Killed a cyclops
  5776 | D:7      | Noticed a white ugly thing
  5791 | D:7      | Killed a white ugly thing
  5791 | D:7      | Reached **** piety under Okawaru
  5798 | D:7      | 5798 ||| DROPPING +4 flail of draining.
  5873 | D:7      | Noticed an orc knight
  5874 | D:7      | 5874 ||| INVOKING Heroism.
  5893 | D:7      | Killed an orc knight
  5921 | D:7      | 5921 ||| UPGRADING to +0 plate armour.
  5931 | D:7      | 5931 ||| DROPPING +1 ring mail of cold resistance.
  5932 | D:7      | 5932 ||| DROPPING +3 ring mail of fire resistance.
  5933 | D:7      | 5933 ||| DROPPING +6 ring of dexterity.
  5934 | D:7      | 5934 ||| READING scroll labelled KEFAUX EBLAVOY.
  6035 | D:7      | 6035 ||| READING 2 scrolls of identify.
  6035 | D:7      | 6035 ||| IDENTIFYING murky orange potion
  6097 | D:8      | 6097 ||| Stepping ~*~*~tactically~*~*~ (hiding).
  6098 | D:8      | 6098 ||| Stepping ~*~*~tactically~*~*~ (hiding).
  6100 | D:8      | 6100 ||| Stepping ~*~*~tactically~*~*~ (hiding).
  6171 | D:8      | 6171 ||| Stepping ~*~*~tactically~*~*~ (hiding).
  6321 | D:8      | 6321 ||| Stepping ~*~*~tactically~*~*~ (stealth).
  6326 | D:8      | Reached skill level 6 in Invocations
  6326 | D:8      | Reached XP level 11. HP: 68/68 MP: 15/15
  6330 | D:8      | Reached ***** piety under Okawaru
  6331 | D:8      | Reached skill level 6 in Armour
  6358 | D:8      | 6358 ||| Stepping ~*~*~tactically~*~*~ (stealth).
  6367 | D:8      | 6367 ||| Stepping ~*~*~tactically~*~*~ (stealth).
  6370 | D:8      | 6370 ||| Stepping ~*~*~tactically~*~*~ (stealth).
  6374 | D:8      | 6374 ||| Stepping ~*~*~tactically~*~*~ (stealth).
  6403 | D:8      | Found a staircase to the Lair.
  6412 | D:8      | 6412 ||| Stepping ~*~*~tactically~*~*~ (stealth).
  6413 | D:8      | 6413 ||| Stepping ~*~*~tactically~*~*~ (stealth).
  6415 | D:8      | 6415 ||| Stepping ~*~*~tactically~*~*~ (stealth).
  6432 | D:8      | 6432 ||| Stepping ~*~*~tactically~*~*~ (stealth).
  6446 | D:8      | 6446 ||| INVOKING Heroism.
  6450 | D:8      | Received a gift from Okawaru
  6479 | D:8      | 6479 ||| Stepping ~*~*~tactically~*~*~ (stealth).
  6480 | D:8      | 6480 ||| Stepping ~*~*~tactically~*~*~ (stealth).
  6481 | D:8      | 6481 ||| Stepping ~*~*~tactically~*~*~ (stealth).
  6482 | D:8      | 6482 ||| Stepping ~*~*~tactically~*~*~ (stealth).
  6483 | D:8      | 6483 ||| Stepping ~*~*~tactically~*~*~ (stealth).
  6491 | D:8      | 6491 ||| FLEEEEING.
  6492 | D:8      | 6492 ||| FLEEEEING.
  6493 | D:8      | 6493 ||| FLEEEEING.
  6632 | D:8      | Identified the ring of Eqeiw {rC+ MP+9}
  6683 | D:8      | 6683 ||| PLANNING LAIR
  6683 | D:8      | 6683 ||| DROPPING ring of flight.
  6684 | D:8      | 6684 ||| DRINKING 2 bubbling ruby potions.
  6685 | D:8      | 6685 ||| DROPPING potion of invisibility.
  6699 | Lair:1   | Entered Level 1 of the Lair of Beasts
  6710 | Lair:1   | 6710 ||| Stepping ~*~*~tactically~*~*~ (stealth).
  6712 | Lair:1   | 6712 ||| Stepping ~*~*~tactically~*~*~ (stealth).
  6714 | Lair:1   | 6714 ||| Stepping ~*~*~tactically~*~*~ (stealth).
  6729 | Lair:1   | Identified the +1 pair of gloves "Usoen" {-Cast rF+++
                  | Regen+} (Okawaru gifted it to you on level 1 of the Lair of
                  | Beasts)
  6729 | Lair:1   | Received a gift from Okawaru
  6730 | Lair:1   | Reached skill level 1 in Throwing
  6800 | Lair:1   | Reached skill level 9 in Fighting
  6845 | Lair:1   | 6845 ||| INVOKING Heroism.
  6899 | Lair:1   | Noticed a six-headed hydra
  6900 | Lair:1   | 6900 ||| INVOKING Heroism.
  6901 | Lair:1   | 6901 ||| INVOKING Finesse.
  6910 | Lair:1   | 6910 ||| SWAPPING to +4 morningstar of protection.
  6912 | Lair:1   | Killed a six-headed hydra
  6913 | Lair:1   | Reached skill level 9 in Invocations
  6913 | Lair:1   | 6913 ||| SWAPPING to +4 broad axe.
  6954 | Lair:1   | Noticed Nergalle
  6955 | Lair:1   | 6955 ||| INVOKING Heroism.
  6967 | Lair:1   | Killed Nergalle
  7079 | Lair:1   | 7079 ||| Stepping ~*~*~tactically~*~*~ (stealth).
  7090 | Lair:1   | 7090 ||| Stepping ~*~*~tactically~*~*~ (stealth).
  7091 | Lair:1   | 7091 ||| Stepping ~*~*~tactically~*~*~ (stealth).
  7092 | Lair:1   | 7092 ||| Stepping ~*~*~tactically~*~*~ (stealth).
  7138 | Lair:1   | Reached XP level 12. HP: 70/76 MP: 19/19
  7532 | Lair:1   | Noticed a seven-headed hydra
  7533 | Lair:1   | 7533 ||| Stepping ~*~*~tactically~*~*~ (stealth).
  7554 | Lair:1   | 7554 ||| Stepping ~*~*~tactically~*~*~ (stealth).
  7569 | Lair:1   | 7569 ||| Stepping ~*~*~tactically~*~*~ (stealth).
  7571 | Lair:1   | 7571 ||| INVOKING Heroism.
  7578 | Lair:1   | 7578 ||| SWAPPING to +4 morningstar of protection.
  7585 | Lair:1   | Killed a seven-headed hydra
  7586 | Lair:1   | 7586 ||| SWAPPING to +4 broad axe.
  7595 | Lair:1   | 7595 ||| Stepping ~*~*~tactically~*~*~ (stealth).
  7631 | Lair:1   | 7631 ||| Stepping ~*~*~tactically~*~*~ (stealth).
  7687 | Lair:1   | Reached skill level 12 in Axes
  7736 | Lair:1   | 7736 ||| INVOKING Heroism.
  7926 | Lair:1   | 7926 ||| UPGRADING to +1 pair of gloves "Usoen" {-Cast
                  | rF+++ Regen+}.
  7936 | Lair:1   | 7936 ||| DROPPING +0 pair of gloves.
  7937 | Lair:1   | 7937 ||| READING scroll labelled ECZUMIO QOZOLU.
  7956 | Lair:2   | Noticed a death yak
  7956 | Lair:2   | Noticed a death yak
  7957 | Lair:2   | 7957 ||| INVOKING Heroism.
  7958 | Lair:2   | Noticed a death yak
  7966 | Lair:2   | Reached skill level 6 in Shields
  7974 | Lair:2   | 7974 ||| STAIRDANCE
  7976 | Lair:1   | Killed a death yak
  7978 | Lair:1   | Killed a death yak
  7986 | Lair:1   | Killed a death yak
  8171 | Lair:2   | Identified the +4 trident "Rasaybi" {flame, rPois Int+4
                  | Dex-2 SInv}
  8173 | Lair:2   | 8173 ||| Stepping ~*~*~tactically~*~*~ (hiding).
  8300 | Lair:2   | Found an iron altar of Okawaru.
  8330 | Lair:2   | 8330 ||| INVOKING Heroism.
  8353 | Lair:2   | 8353 ||| Stepping ~*~*~tactically~*~*~ (stealth).
  8366 | Lair:2   | 8366 ||| Stepping ~*~*~tactically~*~*~ (stealth).
  8375 | Lair:2   | Received a gift from Okawaru
  8384 | Lair:2   | 8384 ||| INVOKING Heroism.
  8461 | Lair:2   | 8461 ||| INVOKING Heroism.
  9133 | Lair:2   | 9133 ||| DROPPING +1 hat.
  9134 | Lair:2   | 9134 ||| DRINKING 2 black potions.
  9135 | Lair:2   | 9135 ||| READING 2 scrolls of identify.
  9135 | Lair:2   | 9135 ||| IDENTIFYING grey potion
  9136 | Lair:2   | 9136 ||| DROPPING potion of brilliance.
  9153 | Lair:3   | 9153 ||| INVOKING Heroism.
  9165 | Lair:3   | Reached skill level 3 in Throwing
  9175 | Lair:3   | Noticed a five-headed hydra
  9180 | Lair:3   | 9180 ||| SWAPPING to +4 morningstar of protection.
  9182 | Lair:3   | Killed a five-headed hydra
  9183 | Lair:3   | 9183 ||| SWAPPING to +4 broad axe.
  9216 | Lair:3   | 9216 ||| INVOKING Heroism.
  9226 | Lair:3   | Reached skill level 9 in Armour
  9226 | Lair:3   | Reached XP level 13. HP: 79/82 MP: 18/20
  9297 | Lair:3   | 9297 ||| INVOKING Heroism.
  9328 | Lair:3   | Noticed Snorg
  9331 | Lair:3   | 9331 ||| INVOKING Heroism.
  9337 | Lair:3   | Killed Snorg
  9467 | Lair:3   | 9467 ||| INVOKING Heroism.
  9581 | Lair:3   | 9581 ||| INVOKING Heroism.
  9663 | Lair:3   | 9663 ||| Stepping ~*~*~tactically~*~*~ (hiding).
  9667 | Lair:3   | Found a staircase to the Snake Pit.
  9812 | Lair:3   | Found a staircase to the Shoals.
  9813 | Lair:3   | 9813 ||| Stepping ~*~*~tactically~*~*~ (hiding).
  9814 | Lair:3   | 9814 ||| Stepping ~*~*~tactically~*~*~ (hiding).
 10040 | Lair:4   | 10040 ||| Stepping ~*~*~tactically~*~*~ (stealth).
 10041 | Lair:4   | 10041 ||| INVOKING Heroism.
 10113 | Lair:4   | 10113 ||| INVOKING Heroism.
 10129 | Lair:4   | Reached skill level 7 in Shields
 10131 | Lair:4   | 10131 ||| INVOKING Finesse.
 10322 | Lair:4   | 10322 ||| INVOKING Heroism.
 10323 | Lair:4   | 10323 ||| INVOKING Finesse.
 10324 | Lair:4   | 10324 ||| INVOKING Finesse.
 10431 | Lair:4   | 10431 ||| INVOKING Heroism.
 10552 | Lair:4   | 10552 ||| Stepping ~*~*~tactically~*~*~ (hiding).
 10580 | Lair:4   | Found a staircase to the Slime Pits.
 10581 | Lair:4   | 10581 ||| Stepping ~*~*~tactically~*~*~ (stealth).
 10600 | Lair:4   | Received a gift from Okawaru
 10874 | Lair:4   | 10874 ||| INVOKING Heroism.
 10883 | Lair:4   | Gained mutation: Your large and strong wings let you fly.
                  | [Gargoyle growth]
 10883 | Lair:4   | Reached XP level 14. HP: 90/90 MP: 19/21
 11005 | Lair:4   | 11005 ||| DROPPING +1 hat.
 11006 | Lair:4   | 11006 ||| READING scroll labelled FIVUTZ MUFAM.
 11007 | Lair:4   | 11007 ||| READING 3 scrolls of identify.
 11007 | Lair:4   | 11007 ||| IDENTIFYING puce potion
 11008 | Lair:4   | 11008 ||| READING 2 scrolls of identify.
 11008 | Lair:4   | 11008 ||| IDENTIFYING clear potion
 11009 | Lair:4   | 11009 ||| DROPPING potion of ambrosia.
 11023 | Lair:5   | Entered Level 5 of the Lair of Beasts
 11030 | Lair:5   | 11030 ||| STAIRDANCE
 11033 | Lair:4   | 11033 ||| INVOKING Heroism.
 11081 | Lair:5   | Reached skill level 15 in Axes
 11182 | Lair:5   | 11182 ||| Stepping ~*~*~tactically~*~*~ (stealth).
 11194 | Lair:5   | Reached skill level 12 in Fighting
 11196 | Lair:5   | Identified the +4 plate armour of Okawaru's Benevolence
                  | {rF+ MP+9 Str+3} (Okawaru gifted it to you on level 5 of
                  | the Lair of Beasts)
 11196 | Lair:5   | Received a gift from Okawaru
 11245 | Lair:5   | 11245 ||| Stepping ~*~*~tactically~*~*~ (stealth).
 11249 | Lair:5   | 11249 ||| Stepping ~*~*~tactically~*~*~ (hiding).
 11257 | Lair:5   | 11257 ||| Stepping ~*~*~tactically~*~*~ (hiding).
 11268 | Lair:5   | 11268 ||| INVOKING Heroism.
 11295 | Lair:5   | 11295 ||| INVOKING Heroism.
 11314 | Lair:5   | 11314 ||| Stepping ~*~*~tactically~*~*~ (stealth).
 11322 | Lair:5   | 11322 ||| Stepping ~*~*~tactically~*~*~ (stealth).
 11326 | Lair:5   | 11326 ||| Stepping ~*~*~tactically~*~*~ (stealth).
 11327 | Lair:5   | 11327 ||| Stepping ~*~*~tactically~*~*~ (stealth).
 11328 | Lair:5   | 11328 ||| Stepping ~*~*~tactically~*~*~ (stealth).
 11329 | Lair:5   | 11329 ||| Stepping ~*~*~tactically~*~*~ (stealth).
 11333 | Lair:5   | 11333 ||| Stepping ~*~*~tactically~*~*~ (stealth).
 11334 | Lair:5   | 11334 ||| Stepping ~*~*~tactically~*~*~ (stealth).
 11335 | Lair:5   | 11335 ||| INVOKING Heroism.
 11344 | Lair:5   | 11344 ||| INVOKING Finesse.
 11405 | Lair:5   | 11405 ||| Stepping ~*~*~tactically~*~*~ (stealth).
 11406 | Lair:5   | 11406 ||| Stepping ~*~*~tactically~*~*~ (stealth).
 11408 | Lair:5   | 11408 ||| Stepping ~*~*~tactically~*~*~ (hiding).
 11409 | Lair:5   | 11409 ||| Stepping ~*~*~tactically~*~*~ (hiding).
 11410 | Lair:5   | 11410 ||| Stepping ~*~*~tactically~*~*~ (hiding).
 11443 | Lair:5   | 11443 ||| Stepping ~*~*~tactically~*~*~ (stealth).
 11463 | Lair:5   | 11463 ||| Stepping ~*~*~tactically~*~*~ (hiding).
 11465 | Lair:5   | 11465 ||| Stepping ~*~*~tactically~*~*~ (hiding).
 11466 | Lair:5   | 11466 ||| Stepping ~*~*~tactically~*~*~ (hiding).
 11467 | Lair:5   | 11467 ||| Stepping ~*~*~tactically~*~*~ (hiding).
 11470 | Lair:5   | 11470 ||| Stepping ~*~*~tactically~*~*~ (hiding).
 11471 | Lair:5   | 11471 ||| Stepping ~*~*~tactically~*~*~ (hiding).
 11472 | Lair:5   | 11472 ||| INVOKING Heroism.
 11507 | Lair:5   | 11507 ||| INVOKING Heroism.
 11516 | Lair:5   | 11516 ||| Stepping ~*~*~tactically~*~*~ (stealth).
 11526 | Lair:5   | Identified the +1 trident "Pudemun" {freeze, Dex+5}
 11543 | Lair:5   | 11543 ||| Stepping ~*~*~tactically~*~*~ (stealth).
 11605 | Lair:5   | 11605 ||| INVOKING Heroism.
 11692 | Lair:5   | 11692 ||| Stepping ~*~*~tactically~*~*~ (stealth).
 11705 | Lair:5   | 11705 ||| INVOKING Heroism.
 11710 | Lair:5   | 11710 ||| Stepping ~*~*~tactically~*~*~ (stealth).
 11711 | Lair:5   | 11711 ||| Stepping ~*~*~tactically~*~*~ (stealth).
 11731 | Lair:5   | Reached skill level 8 in Shields
 11748 | Lair:5   | 11748 ||| INVOKING Finesse.
 11751 | Lair:5   | HP: 22/92 [yak (8)]
 11752 | Lair:5   | 11752 ||| READING 2 scrolls of teleportation.
 11753 | Lair:5   | 11753 ||| DRINKING 3 potions of heal wounds.
 11808 | Lair:5   | 11808 ||| Stepping ~*~*~tactically~*~*~ (stealth).
 11811 | Lair:5   | 11811 ||| INVOKING Heroism.
 11824 | Lair:5   | 11824 ||| INVOKING Finesse.
 11831 | Lair:5   | Reached XP level 15. HP: 96/96 MP: 16/22
 11917 | Lair:5   | 11917 ||| Stepping ~*~*~tactically~*~*~ (stealth).
 11920 | Lair:5   | 11920 ||| Stepping ~*~*~tactically~*~*~ (stealth).
 11925 | Lair:5   | 11925 ||| INVOKING Heroism.
 11930 | Lair:5   | 11930 ||| SWAPPING to +4 morningstar of protection.
 11937 | Lair:5   | 11937 ||| SWAPPING to +4 broad axe.
 12094 | Lair:5   | 12094 ||| PLANNING D:1-11
 12094 | Lair:5   | 12094 ||| UPGRADING to +4 plate armour of Okawaru's
                  | Benevolence {rF+ MP+9 Str+3}.
 12104 | Lair:5   | 12104 ||| DROPPING +0 plate armour.
 12105 | Lair:5   | 12105 ||| DROPPING +0 chain mail of cold resistance.
 12106 | Lair:5   | 12106 ||| UPGRADING to +0 pair of boots.
 12145 | Lair:5   | 12145 ||| DROPPING ring of wizardry.
 12146 | Lair:5   | 12146 ||| DROPPING ring of willpower.
 12147 | Lair:5   | 12147 ||| DRINKING 2 smoky clear potions.
 12148 | Lair:5   | 12148 ||| READING 2 scrolls of identify.
 12148 | Lair:5   | 12148 ||| IDENTIFYING fuming cyan potion
 12149 | Lair:5   | 12149 ||| DRINKING potion of experience.
 12149 | Lair:5   | Reached XP level 16. HP: 101/101 MP: 23/23
 12449 | D:9      | 12449 ||| Stepping ~*~*~tactically~*~*~ (stealth).
 12474 | D:9      | 12474 ||| Stepping ~*~*~tactically~*~*~ (hiding).
 12476 | D:9      | 12476 ||| Stepping ~*~*~tactically~*~*~ (stealth).
 12492 | D:9      | 12492 ||| Stepping ~*~*~tactically~*~*~ (stealth).
 12492 | D:9      | Found a staircase to the Orcish Mines.
 12515 | D:9      | 12515 ||| INVOKING Heroism.
 12675 | D:9      | Noticed Gastronok
 12684 | D:9      | Killed Gastronok
 12799 | D:9      | 12799 ||| Stepping ~*~*~tactically~*~*~ (hiding).
 13103 | D:9      | 13103 ||| Stepping ~*~*~tactically~*~*~ (hiding).
 13114 | D:9      | 13114 ||| UPGRADING to +5 ring of evasion.
 13116 | D:9      | 13116 ||| DROPPING ring of see invisible.
 13117 | D:9      | 13117 ||| DROPPING +6 ring of strength.
 13118 | D:9      | 13118 ||| READING scroll labelled WUAXUT QADI.
 13154 | D:10     | Entered Level 10 of the Dungeon
 13158 | D:10     | 13158 ||| Stepping ~*~*~tactically~*~*~ (hiding).
 13971 | D:10     | 13971 ||| READING 3 scrolls of identify.
 13971 | D:10     | 13971 ||| IDENTIFYING orange potion
 14029 | D:11     | 14029 ||| READING scroll of enchant armour.
 14029 | D:11     | 14029 ||| ENCHANTING +1 helmet of see invisible.
 14101 | D:11     | 14101 ||| INVOKING Heroism.
 14240 | D:11     | 14240 ||| Stepping ~*~*~tactically~*~*~ (stealth).
 14265 | D:11     | 14265 ||| FLEEEEING.
 14266 | D:11     | 14266 ||| FLEEEEING.
 14267 | D:11     | 14267 ||| FLEEEEING.
 14268 | D:11     | 14268 ||| FLEEEEING.
 14269 | D:11     | 14269 ||| FLEEEEING.
 14270 | D:11     | 14270 ||| FLEEEEING.
 14271 | D:11     | 14271 ||| FLEEEEING.
 14272 | D:11     | 14272 ||| FLEEEEING.
 14273 | D:11     | 14273 ||| FLEEEEING.
 14274 | D:11     | 14274 ||| FLEEEEING.
 14275 | D:11     | 14275 ||| FLEEEEING.
 14276 | D:11     | 14276 ||| FLEEEEING.
 14277 | D:11     | 14277 ||| FLEEEEING.
 14288 | D:11     | Reached skill level 12 in Armour
 14300 | D:11     | 14300 ||| Stepping ~*~*~tactically~*~*~ (hiding).
 14301 | D:11     | 14301 ||| Stepping ~*~*~tactically~*~*~ (hiding).
 14464 | D:11     | Identified a scroll of acquirement
 14474 | D:11     | 14474 ||| READING scroll of acquirement.
 14474 | D:11     | 14474 ||| ACQUIRING 765 gold pieces
 14474 | D:11     | Acquired 765 gold pieces
 14764 | D:11     | 14764 ||| PLANNING D
 14764 | D:11     | 14764 ||| UPGRADING to amulet of faith.
 14769 | D:11     | 14769 ||| READING 3 scrolls of identify.
 14769 | D:11     | 14769 ||| IDENTIFYING sedimented golden potion
 14841 | D:12     | 14841 ||| Stepping ~*~*~tactically~*~*~ (hiding).
 14987 | D:12     | 14987 ||| READING scroll of enchant armour.
 14987 | D:12     | 14987 ||| ENCHANTING +0 pair of boots.
 15021 | D:12     | Found a transporter.
 15022 | D:12     | Found a transporter.
 15022 | D:12     | Noticed Neel Ube's ghost (journeyman FoFi)
 15089 | D:12     | 15089 ||| Stepping ~*~*~tactically~*~*~ (hiding).
 15093 | D:12     | 15093 ||| Stepping ~*~*~tactically~*~*~ (hiding).
 15096 | D:12     | 15096 ||| INVOKING Heroism.
 15192 | D:12     | 15192 ||| READING scroll of enchant armour.
 15192 | D:12     | 15192 ||| ENCHANTING +1 pair of boots.
 15253 | D:12     | 15253 ||| Stepping ~*~*~tactically~*~*~ (hiding).
 15258 | D:12     | 15258 ||| Stepping ~*~*~tactically~*~*~ (hiding).
 15481 | D:12     | 15481 ||| Stepping ~*~*~tactically~*~*~ (stealth).
 15482 | D:12     | 15482 ||| Stepping ~*~*~tactically~*~*~ (stealth).
 15485 | D:12     | 15485 ||| INVOKING Heroism.
 15679 | D:13     | 15679 ||| INVOKING Heroism.
 15680 | D:13     | 15680 ||| Stepping ~*~*~tactically~*~*~ (stealth).
 15682 | D:13     | 15682 ||| Stepping ~*~*~tactically~*~*~ (hiding).
 15684 | D:13     | 15684 ||| SWAPPING to +4 morningstar of protection.
 15691 | D:13     | 15691 ||| SWAPPING to +4 broad axe of chaos.
 15702 | D:13     | Found a gate to the Vaults.
 15703 | D:13     | 15703 ||| Stepping ~*~*~tactically~*~*~ (hiding).
 15709 | D:13     | 15709 ||| Stepping ~*~*~tactically~*~*~ (hiding).
 15710 | D:13     | 15710 ||| Stepping ~*~*~tactically~*~*~ (hiding).
 15724 | D:13     | Received a gift from Okawaru
 15763 | D:13     | 15763 ||| DRINKING 7 potions of curing.
 15763 | D:13     | 15763 ||| (to cure confusion)
 15764 | D:13     | 15764 ||| INVOKING Heroism.
 15841 | D:13     | 15841 ||| Stepping ~*~*~tactically~*~*~ (hiding).
 15843 | D:13     | 15843 ||| Stepping ~*~*~tactically~*~*~ (hiding).
 15844 | D:13     | 15844 ||| Stepping ~*~*~tactically~*~*~ (hiding).
 15865 | D:13     | Received a gift from Okawaru
 15954 | D:13     | 15954 ||| INVOKING Heroism.
 16026 | D:13     | 16026 ||| Stepping ~*~*~tactically~*~*~ (hiding).
 16028 | D:13     | 16028 ||| Stepping ~*~*~tactically~*~*~ (hiding).
 16030 | D:13     | 16030 ||| Stepping ~*~*~tactically~*~*~ (hiding).
 16032 | D:13     | 16032 ||| Stepping ~*~*~tactically~*~*~ (hiding).
 16040 | D:13     | 16040 ||| Stepping ~*~*~tactically~*~*~ (hiding).
 16052 | D:13     | Identified the +4 war axe of the Bespelling Hero {heavy,
                  | rF++ rN+ Dex-3} (Okawaru gifted it to you on level 13 of
                  | the Dungeon)
 16052 | D:13     | Received a gift from Okawaru
 16333 | D:13     | 16333 ||| Stepping ~*~*~tactically~*~*~ (stealth).
 16334 | D:13     | 16334 ||| Stepping ~*~*~tactically~*~*~ (stealth).
 16371 | D:13     | 16371 ||| INVOKING Heroism.
 16372 | D:13     | 16372 ||| INVOKING Finesse.
 16375 | D:13     | 16375 ||| SWAPPING to +4 morningstar of protection.
 16381 | D:13     | 16381 ||| SWAPPING to +4 broad axe of chaos.
 16444 | D:13     | 16444 ||| Stepping ~*~*~tactically~*~*~ (hiding).
 16450 | D:13     | 16450 ||| INVOKING Heroism.
 16460 | D:13     | Reached skill level 18 in Axes
 16518 | D:13     | 16518 ||| Stepping ~*~*~tactically~*~*~ (hiding).
 16520 | D:13     | 16520 ||| INVOKING Heroism.
 16545 | D:13     | Identified the ring of Hount {rC+ Str+3}
 16547 | D:13     | Identified the +0 leather armour of the Known World {Harm
                  | rF- rC+ Str+6}
 16579 | D:13     | 16579 ||| UPGRADING to +0 cloak.
 16584 | D:13     | 16584 ||| DROPPING +6 ring of intelligence.
 16585 | D:13     | 16585 ||| UPGRADING to ring of Hount {rC+ Str+3}.
 16699 | D:14     | 16699 ||| Stepping ~*~*~tactically~*~*~ (stealth).
 16701 | D:14     | 16701 ||| INVOKING Heroism.
 16703 | D:14     | 16703 ||| Stepping ~*~*~tactically~*~*~ (stealth).
 16707 | D:14     | 16707 ||| Stepping ~*~*~tactically~*~*~ (hiding).
 16720 | D:14     | 16720 ||| Stepping ~*~*~tactically~*~*~ (hiding).
 16726 | D:14     | 16726 ||| Stepping ~*~*~tactically~*~*~ (stealth).
 16740 | D:14     | 16740 ||| Stepping ~*~*~tactically~*~*~ (stealth).
 16844 | D:14     | 16844 ||| INVOKING Heroism.
 16845 | D:14     | 16845 ||| INVOKING Finesse.
 16847 | D:14     | 16847 ||| DRINKING 6 potions of curing.
 16847 | D:14     | 16847 ||| (to cure confusion)
 16849 | D:14     | 16849 ||| DRINKING 5 potions of curing.
 16849 | D:14     | 16849 ||| (to cure confusion)
 16850 | D:14     | 16850 ||| DRINKING 4 potions of curing.
 16850 | D:14     | 16850 ||| (to cure confusion)
 16853 | D:14     | 16853 ||| DRINKING 3 potions of curing.
 16853 | D:14     | 16853 ||| (to cure confusion)
 17150 | D:14     | Received a gift from Okawaru
 17452 | D:14     | Reached XP level 17. HP: 80/108 MP: 24/24
 17555 | D:15     | Entered Level 15 of the Dungeon
 17700 | D:15     | Found a glowing silver altar of Zin.
 17743 | D:15     | Found a shadowy altar of Dithmenos.
 17848 | D:15     | 17848 ||| INVOKING Heroism.
 17971 | D:15     | 17971 ||| INVOKING Heroism.
 18032 | D:15     | Reached skill level 9 in Shields
 18073 | D:15     | 18073 ||| Stepping ~*~*~tactically~*~*~ (stealth).
 18074 | D:15     | 18074 ||| READING 2 scrolls of teleportation.
 18075 | D:15     | 18075 ||| FLEEEEING.
 18076 | D:15     | 18076 ||| FLEEEEING.
 18426 | D:15     | 18426 ||| Stepping ~*~*~tactically~*~*~ (stealth).
 18468 | D:15     | Found a staircase to the Depths.
 18477 | D:15     | 18477 ||| PLANNING ORC
 18612 | Orc:1    | Entered Level 1 of the Orcish Mines
 18870 | Orc:1    | 18870 ||| Stepping ~*~*~tactically~*~*~ (stealth).
 19035 | Orc:1    | Found a runed translucent door.
 19035 | Orc:1    | Noticed Dootley's ghost (journeyman FoFi)
 19066 | Orc:2    | Entered Level 2 of the Orcish Mines
 19066 | Orc:2    | Found a frozen archway.
 19072 | Orc:2    | 19072 ||| INVOKING Heroism.
 19086 | Orc:2    | Found a staircase to the Elven Halls.
 19132 | Orc:2    | 19132 ||| Stepping ~*~*~tactically~*~*~ (stealth).
 19149 | Orc:2    | 19149 ||| Stepping ~*~*~tactically~*~*~ (stealth).
 19173 | Orc:2    | 19173 ||| SWAPPING to +2 vampiric war axe.
 19360 | Orc:2    | Paralysed by an orc sorcerer for 3 turns
 19374 | Orc:2    | Received a gift from Okawaru
 19382 | Orc:2    | 19382 ||| Stepping ~*~*~tactically~*~*~ (stealth).
 19385 | Orc:2    | 19385 ||| DROPPING +4 morningstar of protection.
 19391 | Orc:2    | 19391 ||| Stepping ~*~*~tactically~*~*~ (hiding).
 19392 | Orc:2    | 19392 ||| Stepping ~*~*~tactically~*~*~ (hiding).
 19393 | Orc:2    | 19393 ||| Stepping ~*~*~tactically~*~*~ (hiding).
 19456 | Orc:2    | 19456 ||| Stepping ~*~*~tactically~*~*~ (stealth).
 19462 | Orc:2    | 19462 ||| Stepping ~*~*~tactically~*~*~ (stealth).
 19464 | Orc:2    | 19464 ||| Stepping ~*~*~tactically~*~*~ (hiding).
 19467 | Orc:2    | 19467 ||| Stepping ~*~*~tactically~*~*~ (hiding).
 19477 | Orc:2    | Paralysed by an orc sorcerer for 4 turns
 19490 | Orc:2    | 19490 ||| Stepping ~*~*~tactically~*~*~ (hiding).
 19494 | Orc:2    | 19494 ||| Stepping ~*~*~tactically~*~*~ (hiding).
 19495 | Orc:2    | 19495 ||| Stepping ~*~*~tactically~*~*~ (hiding).
 19496 | Orc:2    | 19496 ||| Stepping ~*~*~tactically~*~*~ (hiding).
 19537 | Orc:2    | 19537 ||| Stepping ~*~*~tactically~*~*~ (hiding).
 19538 | Orc:2    | 19538 ||| Stepping ~*~*~tactically~*~*~ (hiding).
 19539 | Orc:2    | 19539 ||| Stepping ~*~*~tactically~*~*~ (hiding).
 19540 | Orc:2    | 19540 ||| Stepping ~*~*~tactically~*~*~ (hiding).
 19553 | Orc:2    | 19553 ||| Stepping ~*~*~tactically~*~*~ (stealth).
 19558 | Orc:2    | 19558 ||| Stepping ~*~*~tactically~*~*~ (hiding).
 19560 | Orc:2    | 19560 ||| Stepping ~*~*~tactically~*~*~ (hiding).
 19577 | Orc:2    | Found Heggunen's Book Emporium.
 19577 | Orc:2    | Found Gevuitsa's Antique Armour Boutique.
 19579 | Orc:2    | Found Lawanax's Armour Emporium.
 19579 | Orc:2    | Found Vofruesk's Weapon Boutique.
 19589 | Orc:2    | 19589 ||| BUYING +0 plate armour of cold resistance (450
                  | gold).
 19589 | Orc:2    | Bought a +0 plate armour of cold resistance for 450 gold
                  | pieces
 19592 | Orc:2    | 19592 ||| BUYING shiny buckler (217 gold).
 19592 | Orc:2    | Bought a shiny buckler for 217 gold pieces
 19642 | Orc:2    | 19642 ||| PLANNING SNAKE:1-3
 19642 | Orc:2    | 19642 ||| DROPPING +0 buckler of reflection.
 19770 | Snake:1  | Entered Level 1 of the Snake Pit
 19770 | Snake:1  | Found a hide-covered altar of Uskayaw.
 19900 | Snake:1  | Received a gift from Okawaru
 19940 | Snake:1  | 19940 ||| Stepping ~*~*~tactically~*~*~ (hiding).
 19942 | Snake:1  | 19942 ||| Stepping ~*~*~tactically~*~*~ (hiding).
 20051 | Snake:1  | 20051 ||| Stepping ~*~*~tactically~*~*~ (hiding).
 20106 | Snake:1  | Found Buqiasa's Magic Scroll Shop.
 20106 | Snake:1  | Found Biboett's Weapon Boutique.
 20110 | Snake:1  | Found Sasanlygg's Distillery.
 20115 | Snake:1  | 20115 ||| BUYING scroll of acquirement (676 gold).
 20115 | Snake:1  | Bought a scroll of acquirement for 676 gold pieces
 20115 | Snake:1  | 20115 ||| BUYING scroll of enchant weapon (97 gold).
 20115 | Snake:1  | Bought a scroll of enchant weapon for 97 gold pieces
 20115 | Snake:1  | 20115 ||| READING scroll of acquirement.
 20115 | Snake:1  | 20115 ||| ACQUIRING -2 kite shield "Tihi Ulu" {rElec Str+3
                  | Dex-3 Slay+6}
 20115 | Snake:1  | Acquired the -2 kite shield "Tihi Ulu" {rElec Str+3 Dex-3
                  | Slay+6}
 20117 | Snake:1  | 20117 ||| UPGRADING to -2 kite shield "Tihi Ulu" {rElec
                  | Str+3 Dex-3 Slay+6}.
 20127 | Snake:1  | 20127 ||| DROPPING +2 buckler of protection.
 20128 | Snake:1  | 20128 ||| READING scroll of enchant weapon.
 20128 | Snake:1  | 20128 ||| ENCHANTING +2 vampiric war axe.
 20133 | Snake:1  | 20133 ||| BUYING 2 potions of curing (66 gold).
 20133 | Snake:1  | Bought 2 potions of curing for 66 gold pieces
 20133 | Snake:1  | 20133 ||| BUYING potion of heal wounds (55 gold).
 20133 | Snake:1  | Bought a potion of heal wounds for 55 gold pieces
 20133 | Snake:1  | 20133 ||| BUYING potion of heal wounds (55 gold).
 20133 | Snake:1  | Bought a potion of heal wounds for 55 gold pieces
 20133 | Snake:1  | 20133 ||| BUYING potion of heal wounds (55 gold).
 20133 | Snake:1  | Bought a potion of heal wounds for 55 gold pieces
 20140 | Snake:1  | 20140 ||| Stepping ~*~*~tactically~*~*~ (stealth).
 20142 | Snake:1  | 20142 ||| Stepping ~*~*~tactically~*~*~ (hiding).
 20147 | Snake:1  | 20147 ||| Stepping ~*~*~tactically~*~*~ (stealth).
 20148 | Snake:1  | 20148 ||| Stepping ~*~*~tactically~*~*~ (hiding).
 20155 | Snake:1  | 20155 ||| INVOKING Heroism.
 20194 | Snake:1  | 20194 ||| Stepping ~*~*~tactically~*~*~ (stealth).
 20222 | Snake:1  | 20222 ||| Stepping ~*~*~tactically~*~*~ (hiding).
 20223 | Snake:1  | 20223 ||| Stepping ~*~*~tactically~*~*~ (hiding).
 20236 | Snake:1  | Received a gift from Okawaru
 20247 | Snake:1  | Reached skill level 10 in Shields
 20252 | Snake:1  | 20252 ||| DROPPING +2 pair of gloves of strength.
 20310 | Snake:1  | 20310 ||| Stepping ~*~*~tactically~*~*~ (stealth).
 20312 | Snake:1  | 20312 ||| Stepping ~*~*~tactically~*~*~ (hiding).
 20313 | Snake:1  | 20313 ||| Stepping ~*~*~tactically~*~*~ (hiding).
 20314 | Snake:1  | 20314 ||| Stepping ~*~*~tactically~*~*~ (hiding).
 20318 | Snake:1  | 20318 ||| INVOKING Heroism.
 20387 | Snake:1  | You are sucked into a shaft and drop 1 floor!
 20388 | Snake:2  | 20388 ||| INVOKING Heroism.
 20428 | Snake:2  | Reached skill level 11 in Shields
 20428 | Snake:2  | Found a runed translucent gate.
 20428 | Snake:2  | Found a runed translucent gate.
 20428 | Snake:2  | Found a runed translucent gate.
 20467 | Snake:2  | 20467 ||| READING scroll of acquirement.
 20467 | Snake:2  | 20467 ||| ACQUIRING -2 cloak "Imek" {Str+4 Dex+2}
 20467 | Snake:2  | Acquired the -2 cloak "Imek" {Str+4 Dex+2}
 20469 | Snake:2  | 20469 ||| UPGRADING to -2 cloak "Imek" {Str+4 Dex+2}.
 20479 | Snake:2  | 20479 ||| DROPPING +0 cloak.
 20497 | Snake:2  | Noticed Liforeniyw's ghost (adept MiBe)
 20544 | Snake:2  | Reached skill level 12 in Shields
 20895 | Snake:2  | 20895 ||| Stepping ~*~*~tactically~*~*~ (stealth).
 20982 | Snake:2  | 20982 ||| Stepping ~*~*~tactically~*~*~ (stealth).
 20998 | Snake:2  | 20998 ||| Stepping ~*~*~tactically~*~*~ (hiding).
 20999 | Snake:2  | 20999 ||| Stepping ~*~*~tactically~*~*~ (hiding).
 21001 | Snake:2  | 21001 ||| Stepping ~*~*~tactically~*~*~ (hiding).
 21009 | Snake:2  | 21009 ||| Stepping ~*~*~tactically~*~*~ (hiding).
 21010 | Snake:2  | 21010 ||| Stepping ~*~*~tactically~*~*~ (hiding).
 21177 | Snake:2  | 21177 ||| Stepping ~*~*~tactically~*~*~ (stealth).
 21179 | Snake:2  | 21179 ||| Stepping ~*~*~tactically~*~*~ (stealth).
 21195 | Snake:2  | Received a gift from Okawaru
 21196 | Snake:2  | Reached skill level 13 in Shields
 21196 | Snake:2  | 21196 ||| Stepping ~*~*~tactically~*~*~ (hiding).
 21197 | Snake:2  | 21197 ||| Stepping ~*~*~tactically~*~*~ (hiding).
 21209 | Snake:2  | 21209 ||| DROPPING +1 heavy war axe.
 21280 | Snake:2  | 21280 ||| DROPPING ring of Eqeiw {rC+ MP+9}.
 21323 | Snake:3  | Reached XP level 18. HP: 102/117 MP: 25/25
 21323 | Snake:3  | 21323 ||| STAIRDANCE
 21335 | Snake:2  | 21335 ||| DROPPING +2 hand axe of flaming.
 21486 | Snake:3  | 21486 ||| Stepping ~*~*~tactically~*~*~ (stealth).
 21503 | Snake:3  | 21503 ||| Stepping ~*~*~tactically~*~*~ (stealth).
 21563 | Snake:3  | Reached skill level 14 in Shields
 21579 | Snake:3  | Noticed Aizul
 21580 | Snake:3  | 21580 ||| INVOKING Heroism.
 21581 | Snake:3  | 21581 ||| INVOKING Finesse.
 21605 | Snake:3  | Killed Aizul
 21754 | Snake:3  | 21754 ||| Stepping ~*~*~tactically~*~*~ (hiding).
 21807 | Snake:3  | Identified the +0 pair of gloves of Forking Paths {MP+9
                  | Int+3 Dex+3} (Okawaru gifted it to you on level 3 of the
                  | Snake Pit)
 21807 | Snake:3  | Received a gift from Okawaru
 21929 | Snake:3  | Reached skill level 15 in Fighting
 22014 | Snake:3  | Noticed Saint Roka
 22015 | Snake:3  | 22015 ||| INVOKING Heroism.
 22016 | Snake:3  | 22016 ||| INVOKING Finesse.
 22043 | Snake:3  | Killed Saint Roka
 22072 | Snake:3  | 22072 ||| PLANNING SHOALS:1-3
 22072 | Snake:3  | 22072 ||| DROPPING +0 pair of gloves of Forking Paths {MP+9
                  | Int+3 Dex+3}.
 22183 | Shoals:1 | Entered Level 1 of the Shoals
 22199 | Shoals:1 | 22199 ||| INVOKING Heroism.
 22217 | Shoals:1 | 22217 ||| READING scroll of enchant weapon.
 22217 | Shoals:1 | 22217 ||| ENCHANTING +3 vampiric war axe.
 22568 | Shoals:1 | Found Haumny Jiur's Antique Armour Boutique.
 22578 | Shoals:1 | 22578 ||| BUYING glowing plate armour (832 gold).
 22578 | Shoals:1 | Bought a glowing plate armour for 832 gold pieces
 22578 | Shoals:1 | 22578 ||| SHOPLISTING runed plate armour (832 gold, have
                  | 724).
 22578 | Shoals:1 | 22578 ||| SHOPLISTING shiny plate armour (832 gold, have
                  | 724).
 22585 | Shoals:1 | 22585 ||| DROPPING +3 plate armour of willpower.
 22842 | Shoals:1 | 22842 ||| DROPPING scarf of invisibility.
 22874 | Shoals:2 | 22874 ||| Stepping ~*~*~tactically~*~*~ (hiding).
 22875 | Shoals:2 | 22875 ||| Stepping ~*~*~tactically~*~*~ (hiding).
 22915 | Shoals:2 | 22915 ||| Stepping ~*~*~tactically~*~*~ (hiding).
 22916 | Shoals:2 | 22916 ||| Stepping ~*~*~tactically~*~*~ (hiding).
 22923 | Shoals:2 | 22923 ||| Stepping ~*~*~tactically~*~*~ (hiding).
 22924 | Shoals:2 | 22924 ||| Stepping ~*~*~tactically~*~*~ (hiding).
 22925 | Shoals:2 | 22925 ||| Stepping ~*~*~tactically~*~*~ (hiding).
 22940 | Shoals:2 | 22940 ||| Stepping ~*~*~tactically~*~*~ (hiding).
 22943 | Shoals:2 | 22943 ||| Stepping ~*~*~tactically~*~*~ (hiding).
 22946 | Shoals:2 | 22946 ||| Stepping ~*~*~tactically~*~*~ (hiding).
 22947 | Shoals:2 | 22947 ||| Stepping ~*~*~tactically~*~*~ (hiding).
 22948 | Shoals:2 | 22948 ||| Stepping ~*~*~tactically~*~*~ (hiding).
 22965 | Shoals:2 | 22965 ||| Stepping ~*~*~tactically~*~*~ (hiding).
 22966 | Shoals:2 | 22966 ||| Stepping ~*~*~tactically~*~*~ (hiding).
 22972 | Shoals:2 | 22972 ||| INVOKING Heroism.
 22973 | Shoals:2 | Noticed Ilsuiw
 22973 | Shoals:2 | 22973 ||| INVOKING Finesse.
 23039 | Shoals:2 | Killed Ilsuiw
 23170 | Shoals:2 | 23170 ||| INVOKING Heroism.
 23183 | Shoals:2 | Reached skill level 15 in Armour
 23234 | Shoals:2 | Received a gift from Okawaru
 23236 | Shoals:2 | 23236 ||| DROPPING +1 war axe of pain.
 23278 | Shoals:2 | Reached skill level 15 in Shields
 23322 | Shoals:2 | Found a runed translucent gate.
 23322 | Shoals:2 | Found a runed translucent gate.
 23322 | Shoals:2 | Found a runed translucent gate.
 23431 | Shoals:2 | 23431 ||| Stepping ~*~*~tactically~*~*~ (stealth).
 23649 | Shoals:2 | Noticed thechecker02's ghost (adept GnFi)
 23900 | Shoals:3 | 23900 ||| INVOKING Heroism.
 23901 | Shoals:3 | 23901 ||| INVOKING Finesse.
 24151 | Shoals:3 | Identified the +6 hand axe "Fooph" {flame, *Noise +Blink
                  | rC+}
 24646 | Shoals:3 | 24646 ||| PLANNING SNAKE:4
 24713 | Lair:3   | 24713 ||| Stepping ~*~*~tactically~*~*~ (hiding).
 24714 | Lair:3   | 24714 ||| Stepping ~*~*~tactically~*~*~ (hiding).
 24715 | Lair:3   | 24715 ||| Stepping ~*~*~tactically~*~*~ (hiding).
 24716 | Lair:3   | 24716 ||| Stepping ~*~*~tactically~*~*~ (hiding).
 24717 | Lair:3   | 24717 ||| Stepping ~*~*~tactically~*~*~ (hiding).
 24719 | Lair:3   | 24719 ||| Stepping ~*~*~tactically~*~*~ (hiding).
 24817 | Snake:4  | Entered Level 4 of the Snake Pit
 24839 | Snake:4  | Received a gift from Okawaru
 24848 | Snake:4  | 24848 ||| Stepping ~*~*~tactically~*~*~ (hiding).
 24849 | Snake:4  | 24849 ||| Stepping ~*~*~tactically~*~*~ (hiding).
 24850 | Snake:4  | 24850 ||| Stepping ~*~*~tactically~*~*~ (hiding).
 24851 | Snake:4  | 24851 ||| Stepping ~*~*~tactically~*~*~ (stealth).
 24869 | Snake:4  | Reached XP level 19. HP: 125/125 MP: 26/26
 24892 | Snake:4  | 24892 ||| Stepping ~*~*~tactically~*~*~ (hiding).
 24893 | Snake:4  | 24893 ||| Stepping ~*~*~tactically~*~*~ (hiding).
 24894 | Snake:4  | 24894 ||| Stepping ~*~*~tactically~*~*~ (hiding).
 24917 | Snake:4  | Noticed Mlioglotl
 24918 | Snake:4  | 24918 ||| INVOKING Heroism.
 24919 | Snake:4  | 24919 ||| INVOKING Finesse.
 24931 | Snake:4  | Killed Mlioglotl
 24998 | Snake:4  | 24998 ||| Stepping ~*~*~tactically~*~*~ (hiding).
 25016 | Snake:4  | 25016 ||| INVOKING Heroism.
 25082 | Snake:4  | 25082 ||| Stepping ~*~*~tactically~*~*~ (stealth).
 25091 | Snake:4  | 25091 ||| Stepping ~*~*~tactically~*~*~ (hiding).
 25156 | Snake:4  | 25156 ||| Stepping ~*~*~tactically~*~*~ (hiding).
 25157 | Snake:4  | 25157 ||| Stepping ~*~*~tactically~*~*~ (hiding).
 25183 | Snake:4  | 25183 ||| Stepping ~*~*~tactically~*~*~ (stealth).
 25184 | Snake:4  | 25184 ||| Stepping ~*~*~tactically~*~*~ (stealth).
 25288 | Snake:4  | 25288 ||| Stepping ~*~*~tactically~*~*~ (hiding).
 25461 | Snake:4  | 25461 ||| Stepping ~*~*~tactically~*~*~ (stealth).
 25612 | Snake:4  | 25612 ||| INVOKING Heroism.
 25756 | Snake:4  | 25756 ||| Stepping ~*~*~tactically~*~*~ (hiding).
 25757 | Snake:4  | 25757 ||| INVOKING Heroism.
 25875 | Snake:4  | 25875 ||| Stepping ~*~*~tactically~*~*~ (hiding).
 25881 | Snake:4  | 25881 ||| INVOKING Heroism.
 26024 | Snake:4  | 26024 ||| INVOKING Heroism.
 26073 | Snake:4  | Received a gift from Okawaru
 26075 | Snake:4  | 26075 ||| FLEEEEING.
 26076 | Snake:4  | 26076 ||| FLEEEEING.
 26077 | Snake:4  | 26077 ||| FLEEEEING.
 26078 | Snake:4  | 26078 ||| FLEEEEING.
 26079 | Snake:4  | 26079 ||| FLEEEEING.
 26091 | Snake:4  | 26091 ||| FLEEEEING.
 26092 | Snake:4  | 26092 ||| FLEEEEING.
 26105 | Snake:4  | 26105 ||| Stepping ~*~*~tactically~*~*~ (hiding).
 26125 | Snake:4  | 26125 ||| Stepping ~*~*~tactically~*~*~ (hiding).
 26126 | Snake:4  | 26126 ||| Stepping ~*~*~tactically~*~*~ (hiding).
 26127 | Snake:4  | 26127 ||| Stepping ~*~*~tactically~*~*~ (hiding).
 26128 | Snake:4  | 26128 ||| Stepping ~*~*~tactically~*~*~ (hiding).
 26131 | Snake:4  | 26131 ||| Stepping ~*~*~tactically~*~*~ (hiding).
 26160 | Snake:4  | Reached skill level 16 in Shields
 26179 | Snake:4  | Got a serpentine rune of Zot
 26239 | Snake:4  | 26239 ||| PLANNING VAULTS:1-4
 26239 | Snake:4  | 26239 ||| UPGRADING to +0 tower shield.
 26249 | Snake:4  | 26249 ||| DROPPING -2 kite shield "Tihi Ulu" {rElec Str+3
                  | Dex-3 Slay+6}.
 26489 | Vaults:1 | Entered Level 1 of the Vaults
 26538 | Vaults:1 | 26538 ||| INVOKING Finesse.
 26601 | Vaults:1 | Identified the +5 broad axe of Spontaneous Combustion
                  | {freeze, Will+ Dex+2} (Okawaru gifted it to you on level 1
                  | of the Vaults)
 26601 | Vaults:1 | Received a gift from Okawaru
 26603 | Vaults:1 | 26603 ||| SWAPPING to +5 broad axe of Spontaneous
                  | Combustion {freeze, Will+ Dex+2}.
 26609 | Vaults:1 | 26609 ||| Stepping ~*~*~tactically~*~*~ (hiding).
 26680 | Vaults:1 | Identified the +3 buckler of Past Mistakes {Slay+3}
 26734 | Vaults:1 | 26734 ||| INVOKING Heroism.
 26854 | Vaults:1 | 26854 ||| Stepping ~*~*~tactically~*~*~ (hiding).
 26873 | Vaults:1 | Reached skill level 17 in Shields
 27014 | Vaults:1 | 27014 ||| Stepping ~*~*~tactically~*~*~ (hiding).
 27015 | Vaults:1 | 27015 ||| Stepping ~*~*~tactically~*~*~ (hiding).
 27016 | Vaults:1 | 27016 ||| Stepping ~*~*~tactically~*~*~ (hiding).
 27017 | Vaults:1 | 27017 ||| Stepping ~*~*~tactically~*~*~ (hiding).
 27018 | Vaults:1 | 27018 ||| Stepping ~*~*~tactically~*~*~ (hiding).
 27019 | Vaults:1 | 27019 ||| Stepping ~*~*~tactically~*~*~ (hiding).
 27130 | Vaults:1 | 27130 ||| Stepping ~*~*~tactically~*~*~ (stealth).
 27133 | Vaults:1 | 27133 ||| Stepping ~*~*~tactically~*~*~ (stealth).
 27261 | Vaults:1 | Received a gift from Okawaru
 27267 | Vaults:1 | Paralysed by a sphinx for 5 turns
 27273 | Vaults:1 | 27273 ||| INVOKING Heroism.
 27284 | Vaults:1 | Received a gift from Okawaru
 27362 | Vaults:1 | 27362 ||| Stepping ~*~*~tactically~*~*~ (stealth).
 27363 | Vaults:1 | 27363 ||| Stepping ~*~*~tactically~*~*~ (stealth).
 27365 | Vaults:1 | 27365 ||| Stepping ~*~*~tactically~*~*~ (stealth).
 27469 | Vaults:1 | 27469 ||| Stepping ~*~*~tactically~*~*~ (stealth).
 27549 | Vaults:1 | Received a gift from Okawaru
 27550 | Vaults:1 | Reached XP level 20. HP: 134/134 MP: 27/27
 27618 | Vaults:1 | 27618 ||| FLEEEEING.
 27619 | Vaults:1 | 27619 ||| Stepping ~*~*~tactically~*~*~ (hiding).
 27808 | Vaults:1 | 27808 ||| Stepping ~*~*~tactically~*~*~ (hiding).
 27810 | Vaults:1 | 27810 ||| Stepping ~*~*~tactically~*~*~ (hiding).
 27927 | Vaults:1 | 27927 ||| DROPPING +0 pair of boots of flying.
 27928 | Vaults:1 | 27928 ||| DROPPING ring of positive energy.
 27947 | Vaults:2 | 27947 ||| PLANNING DESOLATION
 27989 | Vaults:2 | Reached skill level 18 in Shields
 27990 | Vaults:2 | Received a gift from Okawaru
 28074 | Vaults:2 | 28074 ||| Stepping ~*~*~tactically~*~*~ (hiding).
 28147 | Vaults:2 | 28147 ||| Stepping ~*~*~tactically~*~*~ (hiding).
 28264 | Vaults:2 | 28264 ||| Stepping ~*~*~tactically~*~*~ (hiding).
 28306 | Vaults:2 | 28306 ||| Stepping ~*~*~tactically~*~*~ (stealth).
 28325 | Vaults:2 | 28325 ||| Stepping ~*~*~tactically~*~*~ (stealth).
 28553 | Vaults:2 | Found a glowing silver altar of Zin.
 28555 | Vaults:2 | Found a glowing golden altar of the Shining One.
 28563 | Vaults:2 | Found a white marble altar of Elyvilon.
 28563 | Vaults:2 | Found a crumbling gateway.
 28598 | Vaults:2 | Identified the +4 pair of gloves "Nawem" {rC++ rN+}
                  | (Okawaru gifted it to you on level 2 of the Vaults)
 28598 | Vaults:2 | Received a gift from Okawaru
 28643 | Vaults:2 | 28643 ||| Stepping randomly (stuck).
 28644 | Vaults:2 | 28644 ||| Stepping randomly (stuck).
 28645 | Vaults:2 | 28645 ||| Stepping randomly (stuck).
 28646 | Vaults:2 | 28646 ||| Stepping randomly (stuck).
 28647 | Vaults:2 | 28647 ||| Stepping randomly (stuck).
 28648 | Vaults:2 | 28648 ||| Stepping randomly (stuck).
 28649 | Vaults:2 | 28649 ||| Stepping randomly (stuck).
 28650 | Vaults:2 | 28650 ||| Stepping randomly (stuck).
 28651 | Vaults:2 | 28651 ||| Stepping randomly (stuck).
 28652 | Vaults:2 | 28652 ||| Stepping randomly (stuck).
 28653 | Vaults:2 | 28653 ||| Stepping randomly (stuck).
 28654 | Vaults:2 | 28654 ||| Stepping randomly (stuck).
 28655 | Vaults:2 | 28655 ||| Stepping randomly (stuck).
 28657 | Vaults:2 | 28657 ||| Stepping randomly (stuck).
 28658 | Vaults:2 | 28658 ||| Stepping randomly (stuck).
 28659 | Vaults:2 | 28659 ||| Stepping randomly (stuck).
 28660 | Vaults:2 | 28660 ||| Stepping randomly (stuck).
 28661 | Vaults:2 | 28661 ||| Stepping randomly (stuck).
 28662 | Vaults:2 | 28662 ||| Stepping randomly (stuck).
 28663 | Vaults:2 | 28663 ||| Stepping randomly (stuck).
 28664 | Vaults:2 | 28664 ||| Stepping randomly (stuck).
 28665 | Vaults:2 | 28665 ||| Stepping randomly (stuck).
 28666 | Vaults:2 | 28666 ||| Stepping randomly (stuck).
 28667 | Vaults:2 | 28667 ||| Stepping randomly (stuck).
 28668 | Vaults:2 | 28668 ||| Stepping randomly (stuck).
 28669 | Vaults:2 | 28669 ||| Stepping randomly (stuck).
 28670 | Vaults:2 | 28670 ||| Stepping randomly (stuck).
 28671 | Vaults:2 | 28671 ||| Stepping randomly (stuck).
 28672 | Vaults:2 | 28672 ||| Stepping randomly (stuck).
 28673 | Vaults:2 | 28673 ||| Stepping randomly (stuck).
 28674 | Vaults:2 | 28674 ||| Stepping randomly (stuck).
 28675 | Vaults:2 | 28675 ||| Stepping randomly (stuck).
 28676 | Vaults:2 | 28676 ||| Stepping randomly (stuck).
 28677 | Vaults:2 | 28677 ||| Stepping randomly (stuck).
 28678 | Vaults:2 | 28678 ||| Stepping randomly (stuck).
 28679 | Vaults:2 | 28679 ||| Stepping randomly (stuck).
 28680 | Vaults:2 | 28680 ||| Stepping randomly (stuck).
 28681 | Vaults:2 | 28681 ||| Stepping ~*~*~tactically~*~*~ (stealth).
 28682 | Vaults:2 | 28682 ||| Stepping randomly (stuck).
 28683 | Vaults:2 | 28683 ||| INVOKING Heroism.
 28685 | Vaults:2 | 28685 ||| INVOKING Finesse.
 28693 | Vaults:2 | 28693 ||| Stepping ~*~*~tactically~*~*~ (hiding).
 28704 | Vaults:2 | 28704 ||| Stepping ~*~*~tactically~*~*~ (hiding).
 28716 | Vaults:2 | 28716 ||| Stepping ~*~*~tactically~*~*~ (hiding).
 28740 | Vaults:2 | 28740 ||| Stepping ~*~*~tactically~*~*~ (hiding).
 28745 | Vaults:2 | 28745 ||| Stepping ~*~*~tactically~*~*~ (hiding).
 28746 | Vaults:2 | 28746 ||| FLEEEEING.
 28758 | Vaults:2 | Reached skill level 6 in Dodging
 28770 | Vaults:2 | 28770 ||| FLEEEEING.
 28794 | Vaults:2 | Reached skill level 19 in Shields
 28925 | Vaults:2 | 28925 ||| Stepping randomly (stuck).
 28926 | Vaults:2 | 28926 ||| Stepping randomly (stuck).
 28927 | Vaults:2 | 28927 ||| Stepping randomly (stuck).
 28928 | Vaults:2 | 28928 ||| Stepping randomly (stuck).
 28929 | Vaults:2 | 28929 ||| Stepping randomly (stuck).
 28930 | Vaults:2 | 28930 ||| Stepping randomly (stuck).
 28931 | Vaults:2 | 28931 ||| Stepping randomly (stuck).
 28932 | Vaults:2 | 28932 ||| Stepping randomly (stuck).
 28933 | Vaults:2 | 28933 ||| Stepping randomly (stuck).
 28934 | Vaults:2 | 28934 ||| Stepping randomly (stuck).
 28935 | Vaults:2 | 28935 ||| Stepping randomly (stuck).
 28936 | Vaults:2 | 28936 ||| Stepping randomly (stuck).
 28937 | Vaults:2 | 28937 ||| Stepping randomly (stuck).
 28938 | Vaults:2 | 28938 ||| READING 6 scrolls of teleportation.
 28941 | Vaults:2 | 28941 ||| READING 5 scrolls of teleportation.
 28946 | Vaults:2 | 28946 ||| READING 4 scrolls of teleportation.
 28949 | Vaults:2 | 28949 ||| READING 3 scrolls of teleportation.
 28955 | Vaults:2 | 28955 ||| READING 2 scrolls of teleportation.
 28958 | Vaults:2 | 28958 ||| READING scroll of teleportation.
 28959 | Vaults:2 | 28959 ||| Stepping ~*~*~tactically~*~*~ (hiding).
 29062 | Vaults:2 | 29062 ||| Stepping randomly (stuck).
 29063 | Vaults:2 | 29063 ||| Stepping randomly (stuck).
 29064 | Vaults:2 | 29064 ||| Stepping randomly (stuck).
 29065 | Vaults:2 | 29065 ||| Stepping randomly (stuck).
 29066 | Vaults:2 | 29066 ||| Stepping randomly (stuck).
 29067 | Vaults:2 | 29067 ||| Stepping randomly (stuck).
 29068 | Vaults:2 | 29068 ||| Stepping randomly (stuck).
 29069 | Vaults:2 | 29069 ||| Stepping randomly (stuck).
 29070 | Vaults:2 | 29070 ||| Stepping randomly (stuck).
 29071 | Vaults:2 | 29071 ||| Stepping randomly (stuck).
 29072 | Vaults:2 | 29072 ||| Stepping randomly (stuck).
 29073 | Vaults:2 | 29073 ||| Stepping randomly (stuck).
 29074 | Vaults:2 | 29074 ||| Stepping randomly (stuck).
 29075 | Vaults:2 | 29075 ||| Stepping randomly (stuck).
 29076 | Vaults:2 | 29076 ||| Stepping randomly (stuck).
 29077 | Vaults:2 | 29077 ||| Stepping randomly (stuck).
 29078 | Vaults:2 | 29078 ||| Stepping randomly (stuck).
 29079 | Vaults:2 | 29079 ||| Stepping randomly (stuck).
 29080 | Vaults:2 | 29080 ||| Stepping randomly (stuck).
 29081 | Vaults:2 | 29081 ||| Stepping randomly (stuck).
 29082 | Vaults:2 | 29082 ||| Stepping randomly (stuck).
 29083 | Vaults:2 | 29083 ||| Stepping randomly (stuck).
 29084 | Vaults:2 | 29084 ||| Stepping randomly (stuck).
 29085 | Vaults:2 | 29085 ||| Stepping randomly (stuck).
 29086 | Vaults:2 | 29086 ||| Stepping randomly (stuck).
 29087 | Vaults:2 | 29087 ||| Stepping randomly (stuck).
 29088 | Vaults:2 | 29088 ||| Stepping randomly (stuck).
 29089 | Vaults:2 | 29089 ||| Stepping randomly (stuck).
 29090 | Vaults:2 | 29090 ||| Stepping randomly (stuck).
 29091 | Vaults:2 | 29091 ||| Stepping randomly (stuck).
 29092 | Vaults:2 | 29092 ||| Stepping randomly (stuck).
 29093 | Vaults:2 | 29093 ||| Stepping randomly (stuck).
 29094 | Vaults:2 | 29094 ||| Stepping randomly (stuck).
 29095 | Vaults:2 | 29095 ||| Stepping randomly (stuck).
 29096 | Vaults:2 | 29096 ||| Stepping randomly (stuck).
 29097 | Vaults:2 | 29097 ||| Stepping randomly (stuck).
 29098 | Vaults:2 | 29098 ||| Stepping randomly (stuck).
 29099 | Vaults:2 | 29099 ||| Stepping randomly (stuck).
 29100 | Vaults:2 | 29100 ||| Stepping randomly (stuck).
 29101 | Vaults:2 | 29101 ||| Stepping randomly (stuck).
 29102 | Vaults:2 | 29102 ||| Stepping randomly (stuck).
 29103 | Vaults:2 | 29103 ||| Stepping randomly (stuck).
 29104 | Vaults:2 | 29104 ||| Stepping randomly (stuck).
 29105 | Vaults:2 | 29105 ||| Stepping randomly (stuck).
 29106 | Vaults:2 | 29106 ||| Stepping randomly (stuck).
 29107 | Vaults:2 | 29107 ||| Stepping randomly (stuck).
 29108 | Vaults:2 | 29108 ||| Stepping randomly (stuck).
 29109 | Vaults:2 | 29109 ||| Stepping randomly (stuck).
 29110 | Vaults:2 | 29110 ||| Stepping randomly (stuck).
 29111 | Vaults:2 | 29111 ||| Stepping randomly (stuck).
 29112 | Vaults:2 | 29112 ||| Stepping randomly (stuck).
 29113 | Vaults:2 | 29113 ||| Stepping randomly (stuck).
 29114 | Vaults:2 | 29114 ||| Stepping randomly (stuck).
 29115 | Vaults:2 | 29115 ||| Stepping randomly (stuck).
 29116 | Vaults:2 | 29116 ||| Stepping randomly (stuck).
 29117 | Vaults:2 | 29117 ||| Stepping randomly (stuck).
 29118 | Vaults:2 | 29118 ||| Stepping randomly (stuck).
 29119 | Vaults:2 | 29119 ||| Stepping randomly (stuck).
 29120 | Vaults:2 | 29120 ||| Stepping randomly (stuck).
 29121 | Vaults:2 | 29121 ||| Stepping randomly (stuck).
 29122 | Vaults:2 | 29122 ||| Stepping randomly (stuck).
 29123 | Vaults:2 | 29123 ||| Stepping randomly (stuck).
 29124 | Vaults:2 | 29124 ||| Stepping randomly (stuck).
 29125 | Vaults:2 | 29125 ||| Stepping randomly (stuck).
 29126 | Vaults:2 | 29126 ||| Stepping randomly (stuck).
 29127 | Vaults:2 | 29127 ||| Stepping randomly (stuck).
 29128 | Vaults:2 | 29128 ||| Stepping randomly (stuck).
 29129 | Vaults:2 | 29129 ||| Stepping randomly (stuck).
 29130 | Vaults:2 | 29130 ||| Stepping randomly (stuck).
 29131 | Vaults:2 | 29131 ||| Stepping randomly (stuck).
 29132 | Vaults:2 | 29132 ||| Stepping randomly (stuck).
 29133 | Vaults:2 | 29133 ||| Stepping randomly (stuck).
 29134 | Vaults:2 | 29134 ||| Stepping randomly (stuck).
 29135 | Vaults:2 | 29135 ||| Stepping randomly (stuck).
 29136 | Vaults:2 | 29136 ||| Stepping randomly (stuck).
 29137 | Vaults:2 | 29137 ||| Stepping randomly (stuck).
 29138 | Vaults:2 | 29138 ||| Stepping randomly (stuck).
 29139 | Vaults:2 | 29139 ||| Stepping randomly (stuck).
 29140 | Vaults:2 | 29140 ||| Stepping randomly (stuck).
 29141 | Vaults:2 | 29141 ||| Stepping randomly (stuck).
 29142 | Vaults:2 | 29142 ||| Stepping randomly (stuck).
 29143 | Vaults:2 | 29143 ||| Stepping randomly (stuck).
 29144 | Vaults:2 | 29144 ||| Stepping randomly (stuck).
 29145 | Vaults:2 | 29145 ||| Stepping randomly (stuck).
 29146 | Vaults:2 | 29146 ||| Stepping randomly (stuck).
 29147 | Vaults:2 | 29147 ||| Stepping randomly (stuck).
 29148 | Vaults:2 | 29148 ||| Stepping randomly (stuck).
 29149 | Vaults:2 | 29149 ||| Stepping randomly (stuck).
 29150 | Vaults:2 | 29150 ||| Stepping randomly (stuck).
 29151 | Vaults:2 | 29151 ||| Stepping randomly (stuck).
 29152 | Vaults:2 | 29152 ||| Stepping randomly (stuck).
 29153 | Vaults:2 | 29153 ||| Stepping randomly (stuck).
 29154 | Vaults:2 | 29154 ||| Stepping randomly (stuck).
 29155 | Vaults:2 | 29155 ||| Stepping randomly (stuck).
 29156 | Vaults:2 | 29156 ||| Stepping randomly (stuck).
 29157 | Vaults:2 | 29157 ||| Stepping randomly (stuck).
 29158 | Vaults:2 | 29158 ||| Stepping randomly (stuck).
 29159 | Vaults:2 | 29159 ||| Stepping randomly (stuck).
 29160 | Vaults:2 | 29160 ||| Stepping randomly (stuck).
 29161 | Vaults:2 | 29161 ||| Stepping randomly (stuck).
 29162 | Vaults:2 | 29162 ||| Stepping randomly (stuck).
 29163 | Vaults:2 | 29163 ||| Stepping randomly (stuck).
 29164 | Vaults:2 | 29164 ||| Stepping randomly (stuck).
 29165 | Vaults:2 | 29165 ||| Stepping randomly (stuck).
 29166 | Vaults:2 | 29166 ||| Stepping randomly (stuck).
 29167 | Vaults:2 | 29167 ||| Stepping randomly (stuck).
 29168 | Vaults:2 | 29168 ||| Stepping randomly (stuck).
 29169 | Vaults:2 | 29169 ||| Stepping randomly (stuck).
 29170 | Vaults:2 | 29170 ||| Stepping randomly (stuck).
 29171 | Vaults:2 | 29171 ||| Stepping randomly (stuck).
 29172 | Vaults:2 | 29172 ||| Stepping randomly (stuck).
 29173 | Vaults:2 | 29173 ||| Stepping randomly (stuck).
 29174 | Vaults:2 | 29174 ||| Stepping randomly (stuck).
 29175 | Vaults:2 | 29175 ||| Stepping randomly (stuck).
 29176 | Vaults:2 | 29176 ||| Stepping randomly (stuck).
 29177 | Vaults:2 | 29177 ||| Stepping randomly (stuck).
 29178 | Vaults:2 | 29178 ||| Stepping randomly (stuck).
 29179 | Vaults:2 | 29179 ||| Stepping randomly (stuck).
 29180 | Vaults:2 | 29180 ||| Stepping randomly (stuck).
 29181 | Vaults:2 | 29181 ||| Stepping randomly (stuck).
 29182 | Vaults:2 | 29182 ||| Stepping randomly (stuck).
 29183 | Vaults:2 | 29183 ||| Stepping randomly (stuck).
 29184 | Vaults:2 | 29184 ||| Stepping randomly (stuck).
 29185 | Vaults:2 | 29185 ||| Stepping randomly (stuck).
 29186 | Vaults:2 | 29186 ||| Stepping randomly (stuck).
 29187 | Vaults:2 | 29187 ||| Stepping randomly (stuck).
 29188 | Vaults:2 | 29188 ||| Stepping randomly (stuck).
 29189 | Vaults:2 | 29189 ||| Stepping randomly (stuck).
 29190 | Vaults:2 | 29190 ||| Stepping randomly (stuck).
 29191 | Vaults:2 | 29191 ||| Stepping randomly (stuck).
 29192 | Vaults:2 | 29192 ||| Stepping randomly (stuck).
 29193 | Vaults:2 | 29193 ||| Stepping randomly (stuck).
 29194 | Vaults:2 | 29194 ||| Stepping randomly (stuck).
 29195 | Vaults:2 | 29195 ||| Stepping randomly (stuck).
 29196 | Vaults:2 | 29196 ||| Stepping randomly (stuck).
 29197 | Vaults:2 | 29197 ||| Stepping randomly (stuck).
 29198 | Vaults:2 | 29198 ||| Stepping randomly (stuck).
 29199 | Vaults:2 | 29199 ||| Stepping randomly (stuck).
 29200 | Vaults:2 | 29200 ||| Stepping randomly (stuck).
 29201 | Vaults:2 | 29201 ||| Stepping randomly (stuck).
 29202 | Vaults:2 | 29202 ||| Stepping randomly (stuck).
 29203 | Vaults:2 | 29203 ||| Stepping randomly (stuck).
 29204 | Vaults:2 | 29204 ||| Stepping randomly (stuck).
 29205 | Vaults:2 | 29205 ||| Stepping randomly (stuck).
 29206 | Vaults:2 | 29206 ||| Stepping randomly (stuck).
 29207 | Vaults:2 | 29207 ||| Stepping randomly (stuck).
 29208 | Vaults:2 | 29208 ||| Stepping randomly (stuck).
 29209 | Vaults:2 | 29209 ||| Stepping randomly (stuck).
 29210 | Vaults:2 | 29210 ||| Stepping randomly (stuck).
 29211 | Vaults:2 | 29211 ||| Stepping randomly (stuck).
 29212 | Vaults:2 | 29212 ||| Stepping randomly (stuck).
 29213 | Vaults:2 | 29213 ||| Stepping randomly (stuck).
 29214 | Vaults:2 | 29214 ||| Stepping randomly (stuck).
 29215 | Vaults:2 | 29215 ||| Stepping randomly (stuck).
 29216 | Vaults:2 | 29216 ||| Stepping randomly (stuck).
 29217 | Vaults:2 | 29217 ||| Stepping randomly (stuck).
 29218 | Vaults:2 | 29218 ||| Stepping randomly (stuck).
 29219 | Vaults:2 | 29219 ||| Stepping randomly (stuck).
 29220 | Vaults:2 | 29220 ||| Stepping randomly (stuck).
 29221 | Vaults:2 | 29221 ||| Stepping randomly (stuck).
 29222 | Vaults:2 | 29222 ||| Stepping randomly (stuck).
 29223 | Vaults:2 | 29223 ||| Stepping randomly (stuck).
 29224 | Vaults:2 | 29224 ||| Stepping randomly (stuck).
 29225 | Vaults:2 | 29225 ||| Stepping randomly (stuck).
 29226 | Vaults:2 | 29226 ||| Stepping randomly (stuck).
 29227 | Vaults:2 | 29227 ||| Stepping randomly (stuck).
 29228 | Vaults:2 | 29228 ||| Stepping randomly (stuck).
 29229 | Vaults:2 | 29229 ||| Stepping randomly (stuck).
 29230 | Vaults:2 | 29230 ||| Stepping randomly (stuck).
 29231 | Vaults:2 | 29231 ||| Stepping randomly (stuck).
 29232 | Vaults:2 | 29232 ||| Stepping randomly (stuck).
 29233 | Vaults:2 | 29233 ||| Stepping randomly (stuck).
 29234 | Vaults:2 | 29234 ||| Stepping randomly (stuck).
 29235 | Vaults:2 | 29235 ||| Stepping randomly (stuck).
 29236 | Vaults:2 | 29236 ||| Stepping randomly (stuck).
 29237 | Vaults:2 | 29237 ||| Stepping randomly (stuck).
 29238 | Vaults:2 | 29238 ||| Stepping randomly (stuck).
 29239 | Vaults:2 | 29239 ||| Stepping randomly (stuck).
 29240 | Vaults:2 | 29240 ||| Stepping randomly (stuck).
 29241 | Vaults:2 | 29241 ||| Stepping randomly (stuck).
 29242 | Vaults:2 | 29242 ||| Stepping randomly (stuck).
 29243 | Vaults:2 | 29243 ||| Stepping randomly (stuck).
 29244 | Vaults:2 | 29244 ||| Stepping randomly (stuck).
 29245 | Vaults:2 | 29245 ||| Stepping randomly (stuck).
 29246 | Vaults:2 | 29246 ||| Stepping randomly (stuck).
 29247 | Vaults:2 | 29247 ||| Stepping randomly (stuck).
 29248 | Vaults:2 | 29248 ||| Stepping randomly (stuck).
 29249 | Vaults:2 | 29249 ||| Stepping randomly (stuck).
 29250 | Vaults:2 | 29250 ||| Stepping randomly (stuck).
 29251 | Vaults:2 | 29251 ||| Stepping randomly (stuck).
 29252 | Vaults:2 | 29252 ||| Stepping randomly (stuck).
 29253 | Vaults:2 | 29253 ||| Stepping randomly (stuck).
 29254 | Vaults:2 | 29254 ||| Stepping randomly (stuck).
 29255 | Vaults:2 | 29255 ||| Stepping randomly (stuck).
 29256 | Vaults:2 | 29256 ||| Stepping randomly (stuck).
 29257 | Vaults:2 | 29257 ||| Stepping randomly (stuck).
 29258 | Vaults:2 | 29258 ||| Stepping randomly (stuck).
 29259 | Vaults:2 | 29259 ||| Stepping randomly (stuck).
 29260 | Vaults:2 | 29260 ||| Stepping randomly (stuck).
 29261 | Vaults:2 | 29261 ||| Stepping randomly (stuck).
 29262 | Vaults:2 | 29262 ||| Stepping randomly (stuck).
 29263 | Vaults:2 | 29263 ||| Stepping randomly (stuck).
 29264 | Vaults:2 | 29264 ||| Stepping randomly (stuck).
 29265 | Vaults:2 | 29265 ||| Stepping randomly (stuck).
 29266 | Vaults:2 | 29266 ||| Stepping randomly (stuck).
 29267 | Vaults:2 | 29267 ||| Stepping randomly (stuck).
 29268 | Vaults:2 | 29268 ||| Stepping randomly (stuck).
 29269 | Vaults:2 | 29269 ||| Stepping randomly (stuck).
 29270 | Vaults:2 | 29270 ||| Stepping randomly (stuck).
 29271 | Vaults:2 | 29271 ||| Stepping randomly (stuck).
 29272 | Vaults:2 | 29272 ||| Stepping randomly (stuck).
 29273 | Vaults:2 | 29273 ||| Stepping randomly (stuck).
 29274 | Vaults:2 | 29274 ||| Stepping randomly (stuck).
 29275 | Vaults:2 | 29275 ||| Stepping randomly (stuck).
 29276 | Vaults:2 | 29276 ||| Stepping randomly (stuck).
 29277 | Vaults:2 | 29277 ||| Stepping randomly (stuck).
 29278 | Vaults:2 | 29278 ||| Stepping randomly (stuck).
 29279 | Vaults:2 | 29279 ||| Stepping randomly (stuck).
 29280 | Vaults:2 | 29280 ||| Stepping randomly (stuck).
 29281 | Vaults:2 | 29281 ||| Stepping randomly (stuck).
 29282 | Vaults:2 | 29282 ||| Stepping randomly (stuck).
 29283 | Vaults:2 | 29283 ||| Stepping randomly (stuck).
 29284 | Vaults:2 | 29284 ||| Stepping randomly (stuck).
 29285 | Vaults:2 | 29285 ||| Stepping randomly (stuck).
 29286 | Vaults:2 | 29286 ||| Stepping randomly (stuck).
 29287 | Vaults:2 | 29287 ||| Stepping randomly (stuck).
 29288 | Vaults:2 | 29288 ||| Stepping randomly (stuck).
 29289 | Vaults:2 | 29289 ||| Stepping randomly (stuck).
 29290 | Vaults:2 | 29290 ||| Stepping randomly (stuck).
 29291 | Vaults:2 | 29291 ||| Stepping randomly (stuck).
 29292 | Vaults:2 | 29292 ||| Stepping randomly (stuck).
 29293 | Vaults:2 | 29293 ||| Stepping randomly (stuck).
 29294 | Vaults:2 | 29294 ||| Stepping randomly (stuck).
 29295 | Vaults:2 | 29295 ||| Stepping randomly (stuck).
 29296 | Vaults:2 | 29296 ||| Stepping randomly (stuck).
 29297 | Vaults:2 | 29297 ||| Stepping randomly (stuck).
 29298 | Vaults:2 | 29298 ||| Stepping randomly (stuck).
 29299 | Vaults:2 | 29299 ||| Stepping randomly (stuck).
 29300 | Vaults:2 | 29300 ||| Stepping randomly (stuck).
 29301 | Vaults:2 | 29301 ||| Stepping randomly (stuck).
 29302 | Vaults:2 | 29302 ||| Stepping randomly (stuck).
 29303 | Vaults:2 | 29303 ||| Stepping randomly (stuck).
 29304 | Vaults:2 | 29304 ||| Stepping randomly (stuck).
 29305 | Vaults:2 | 29305 ||| Stepping randomly (stuck).
 29306 | Vaults:2 | 29306 ||| Stepping randomly (stuck).
 29307 | Vaults:2 | 29307 ||| Stepping randomly (stuck).
 29308 | Vaults:2 | 29308 ||| Stepping randomly (stuck).
 29309 | Vaults:2 | 29309 ||| Stepping randomly (stuck).
 29310 | Vaults:2 | 29310 ||| Stepping randomly (stuck).
 29311 | Vaults:2 | 29311 ||| Stepping randomly (stuck).
 29312 | Vaults:2 | 29312 ||| Stepping randomly (stuck).
 29313 | Vaults:2 | 29313 ||| Stepping randomly (stuck).
 29314 | Vaults:2 | 29314 ||| Stepping randomly (stuck).
 29315 | Vaults:2 | 29315 ||| Stepping randomly (stuck).
 29316 | Vaults:2 | 29316 ||| Stepping randomly (stuck).
 29317 | Vaults:2 | 29317 ||| Stepping randomly (stuck).
 29318 | Vaults:2 | 29318 ||| Stepping randomly (stuck).
 29319 | Vaults:2 | 29319 ||| Stepping randomly (stuck).
 29320 | Vaults:2 | 29320 ||| Stepping randomly (stuck).
 29321 | Vaults:2 | 29321 ||| Stepping randomly (stuck).
 29322 | Vaults:2 | 29322 ||| Stepping randomly (stuck).
 29323 | Vaults:2 | 29323 ||| Stepping randomly (stuck).
 29324 | Vaults:2 | 29324 ||| Stepping randomly (stuck).
 29325 | Vaults:2 | 29325 ||| Stepping randomly (stuck).
 29326 | Vaults:2 | 29326 ||| Stepping randomly (stuck).
 29327 | Vaults:2 | 29327 ||| Stepping randomly (stuck).
 29328 | Vaults:2 | 29328 ||| Stepping randomly (stuck).
 29329 | Vaults:2 | 29329 ||| Stepping randomly (stuck).
 29330 | Vaults:2 | 29330 ||| Stepping randomly (stuck).
 29331 | Vaults:2 | 29331 ||| Stepping randomly (stuck).
 29332 | Vaults:2 | 29332 ||| Stepping randomly (stuck).
 29333 | Vaults:2 | 29333 ||| Stepping randomly (stuck).
 29334 | Vaults:2 | 29334 ||| Stepping randomly (stuck).
 29335 | Vaults:2 | 29335 ||| Stepping randomly (stuck).
 29336 | Vaults:2 | 29336 ||| Stepping randomly (stuck).
 29337 | Vaults:2 | 29337 ||| Stepping randomly (stuck).
 29338 | Vaults:2 | 29338 ||| Stepping randomly (stuck).
 29339 | Vaults:2 | 29339 ||| Stepping randomly (stuck).
 29340 | Vaults:2 | 29340 ||| Stepping randomly (stuck).
 29341 | Vaults:2 | 29341 ||| Stepping randomly (stuck).
 29342 | Vaults:2 | 29342 ||| Stepping randomly (stuck).
 29343 | Vaults:2 | 29343 ||| Stepping randomly (stuck).
 29344 | Vaults:2 | 29344 ||| Stepping randomly (stuck).
 29345 | Vaults:2 | 29345 ||| Stepping randomly (stuck).
 29346 | Vaults:2 | 29346 ||| Stepping randomly (stuck).
 29347 | Vaults:2 | 29347 ||| Stepping randomly (stuck).
 29348 | Vaults:2 | 29348 ||| Stepping randomly (stuck).
 29349 | Vaults:2 | 29349 ||| Stepping randomly (stuck).
 29350 | Vaults:2 | 29350 ||| Stepping randomly (stuck).
 29351 | Vaults:2 | 29351 ||| Stepping randomly (stuck).
 29352 | Vaults:2 | 29352 ||| Stepping randomly (stuck).
 29353 | Vaults:2 | 29353 ||| Stepping randomly (stuck).
 29354 | Vaults:2 | 29354 ||| Stepping randomly (stuck).
 29355 | Vaults:2 | 29355 ||| Stepping randomly (stuck).
 29356 | Vaults:2 | 29356 ||| Stepping randomly (stuck).
 29357 | Vaults:2 | 29357 ||| Stepping randomly (stuck).
 29358 | Vaults:2 | 29358 ||| Stepping randomly (stuck).
 29359 | Vaults:2 | 29359 ||| Stepping randomly (stuck).
 29360 | Vaults:2 | 29360 ||| Stepping randomly (stuck).
 29361 | Vaults:2 | 29361 ||| Stepping randomly (stuck).
 29362 | Vaults:2 | 29362 ||| Stepping randomly (stuck).
 29363 | Vaults:2 | 29363 ||| Stepping randomly (stuck).
 29364 | Vaults:2 | 29364 ||| Stepping randomly (stuck).
 29365 | Vaults:2 | 29365 ||| Stepping randomly (stuck).
 29366 | Vaults:2 | 29366 ||| Stepping randomly (stuck).
 29367 | Vaults:2 | 29367 ||| Stepping randomly (stuck).
 29368 | Vaults:2 | 29368 ||| Stepping randomly (stuck).
 29369 | Vaults:2 | 29369 ||| Stepping randomly (stuck).
 29370 | Vaults:2 | 29370 ||| Stepping randomly (stuck).
 29371 | Vaults:2 | 29371 ||| Stepping randomly (stuck).
 29372 | Vaults:2 | 29372 ||| Stepping randomly (stuck).
 29373 | Vaults:2 | 29373 ||| Stepping randomly (stuck).
 29374 | Vaults:2 | 29374 ||| Stepping randomly (stuck).
 29375 | Vaults:2 | 29375 ||| Stepping randomly (stuck).
 29376 | Vaults:2 | 29376 ||| Stepping randomly (stuck).
 29377 | Vaults:2 | 29377 ||| Stepping randomly (stuck).
 29378 | Vaults:2 | 29378 ||| Stepping randomly (stuck).
 29379 | Vaults:2 | 29379 ||| Stepping randomly (stuck).
 29380 | Vaults:2 | 29380 ||| Stepping randomly (stuck).
 29381 | Vaults:2 | 29381 ||| Stepping randomly (stuck).
 29382 | Vaults:2 | 29382 ||| Stepping randomly (stuck).
 29383 | Vaults:2 | 29383 ||| Stepping randomly (stuck).
 29384 | Vaults:2 | 29384 ||| Stepping randomly (stuck).
 29385 | Vaults:2 | 29385 ||| Stepping randomly (stuck).
 29386 | Vaults:2 | 29386 ||| Stepping randomly (stuck).
 29387 | Vaults:2 | 29387 ||| Stepping randomly (stuck).
 29388 | Vaults:2 | 29388 ||| Stepping randomly (stuck).
 29389 | Vaults:2 | 29389 ||| Stepping randomly (stuck).
 29390 | Vaults:2 | 29390 ||| Stepping randomly (stuck).
 29391 | Vaults:2 | 29391 ||| Stepping randomly (stuck).
 29392 | Vaults:2 | 29392 ||| Stepping randomly (stuck).
 29393 | Vaults:2 | 29393 ||| Stepping randomly (stuck).
 29394 | Vaults:2 | 29394 ||| Stepping randomly (stuck).
 29395 | Vaults:2 | 29395 ||| Stepping randomly (stuck).
 29396 | Vaults:2 | 29396 ||| Stepping randomly (stuck).
 29397 | Vaults:2 | 29397 ||| Stepping randomly (stuck).
 29398 | Vaults:2 | 29398 ||| Stepping randomly (stuck).
 29399 | Vaults:2 | 29399 ||| Stepping randomly (stuck).
 29400 | Vaults:2 | 29400 ||| Stepping randomly (stuck).
 29401 | Vaults:2 | 29401 ||| Stepping randomly (stuck).
 29402 | Vaults:2 | 29402 ||| Stepping randomly (stuck).
 29403 | Vaults:2 | 29403 ||| Stepping randomly (stuck).
 29404 | Vaults:2 | 29404 ||| Stepping randomly (stuck).
 29405 | Vaults:2 | 29405 ||| Stepping randomly (stuck).
 29406 | Vaults:2 | 29406 ||| Stepping randomly (stuck).
 29407 | Vaults:2 | 29407 ||| Stepping randomly (stuck).
 29408 | Vaults:2 | 29408 ||| Stepping randomly (stuck).
 29409 | Vaults:2 | 29409 ||| Stepping randomly (stuck).
 29410 | Vaults:2 | 29410 ||| Stepping randomly (stuck).
 29411 | Vaults:2 | 29411 ||| Stepping randomly (stuck).
 29412 | Vaults:2 | 29412 ||| Stepping randomly (stuck).
 29413 | Vaults:2 | 29413 ||| Stepping randomly (stuck).
 29414 | Vaults:2 | 29414 ||| Stepping randomly (stuck).
 29415 | Vaults:2 | 29415 ||| Stepping randomly (stuck).
 29416 | Vaults:2 | 29416 ||| Stepping randomly (stuck).
 29417 | Vaults:2 | 29417 ||| Stepping randomly (stuck).
 29418 | Vaults:2 | 29418 ||| Stepping randomly (stuck).
 29419 | Vaults:2 | 29419 ||| Stepping randomly (stuck).
 29420 | Vaults:2 | 29420 ||| Stepping randomly (stuck).
 29421 | Vaults:2 | 29421 ||| Stepping randomly (stuck).
 29422 | Vaults:2 | 29422 ||| Stepping randomly (stuck).
 29423 | Vaults:2 | 29423 ||| Stepping randomly (stuck).
 29424 | Vaults:2 | 29424 ||| Stepping randomly (stuck).
 29425 | Vaults:2 | 29425 ||| Stepping randomly (stuck).
 29426 | Vaults:2 | 29426 ||| Stepping randomly (stuck).
 29427 | Vaults:2 | 29427 ||| Stepping randomly (stuck).
 29428 | Vaults:2 | 29428 ||| Stepping randomly (stuck).
 29429 | Vaults:2 | 29429 ||| Stepping randomly (stuck).
 29430 | Vaults:2 | 29430 ||| Stepping randomly (stuck).
 29431 | Vaults:2 | 29431 ||| Stepping randomly (stuck).
 29432 | Vaults:2 | 29432 ||| Stepping randomly (stuck).
 29433 | Vaults:2 | 29433 ||| Stepping randomly (stuck).
 29434 | Vaults:2 | 29434 ||| Stepping randomly (stuck).
 29435 | Vaults:2 | 29435 ||| Stepping randomly (stuck).
 29436 | Vaults:2 | 29436 ||| Stepping randomly (stuck).
 29437 | Vaults:2 | 29437 ||| Stepping randomly (stuck).
 29438 | Vaults:2 | 29438 ||| Stepping randomly (stuck).
 29439 | Vaults:2 | 29439 ||| Stepping randomly (stuck).
 29440 | Vaults:2 | 29440 ||| Stepping randomly (stuck).
 29441 | Vaults:2 | 29441 ||| Stepping randomly (stuck).
 29442 | Vaults:2 | 29442 ||| Stepping randomly (stuck).
 29443 | Vaults:2 | 29443 ||| Stepping randomly (stuck).
 29444 | Vaults:2 | 29444 ||| Stepping randomly (stuck).
 29445 | Vaults:2 | 29445 ||| Stepping randomly (stuck).
 29446 | Vaults:2 | 29446 ||| Stepping randomly (stuck).
 29447 | Vaults:2 | 29447 ||| Stepping randomly (stuck).
 29448 | Vaults:2 | 29448 ||| Stepping randomly (stuck).
 29449 | Vaults:2 | 29449 ||| Stepping randomly (stuck).
 29450 | Vaults:2 | 29450 ||| Stepping randomly (stuck).
 29451 | Vaults:2 | 29451 ||| Stepping randomly (stuck).
 29452 | Vaults:2 | 29452 ||| Stepping randomly (stuck).
 29453 | Vaults:2 | 29453 ||| Stepping randomly (stuck).
 29454 | Vaults:2 | 29454 ||| Stepping randomly (stuck).
 29455 | Vaults:2 | 29455 ||| Stepping randomly (stuck).
 29456 | Vaults:2 | 29456 ||| Stepping randomly (stuck).
 29457 | Vaults:2 | 29457 ||| Stepping randomly (stuck).
 29458 | Vaults:2 | 29458 ||| Stepping randomly (stuck).
 29459 | Vaults:2 | 29459 ||| Stepping randomly (stuck).
 29460 | Vaults:2 | 29460 ||| Stepping randomly (stuck).
 29461 | Vaults:2 | 29461 ||| Stepping randomly (stuck).
 29462 | Vaults:2 | 29462 ||| Stepping randomly (stuck).
 29463 | Vaults:2 | 29463 ||| Stepping randomly (stuck).
 29464 | Vaults:2 | 29464 ||| Stepping randomly (stuck).
 29465 | Vaults:2 | 29465 ||| Stepping randomly (stuck).
 29466 | Vaults:2 | 29466 ||| Stepping randomly (stuck).
 29467 | Vaults:2 | 29467 ||| Stepping randomly (stuck).
 29468 | Vaults:2 | 29468 ||| Stepping randomly (stuck).
 29469 | Vaults:2 | 29469 ||| Stepping randomly (stuck).
 29470 | Vaults:2 | 29470 ||| Stepping randomly (stuck).
 29471 | Vaults:2 | 29471 ||| Stepping randomly (stuck).
 29472 | Vaults:2 | 29472 ||| Stepping randomly (stuck).
 29473 | Vaults:2 | 29473 ||| Stepping randomly (stuck).
 29474 | Vaults:2 | 29474 ||| Stepping randomly (stuck).
 29475 | Vaults:2 | 29475 ||| Stepping randomly (stuck).
 29476 | Vaults:2 | 29476 ||| Stepping randomly (stuck).
 29477 | Vaults:2 | 29477 ||| Stepping randomly (stuck).
 29478 | Vaults:2 | 29478 ||| Stepping randomly (stuck).
 29479 | Vaults:2 | 29479 ||| Stepping randomly (stuck).
 29480 | Vaults:2 | 29480 ||| Stepping randomly (stuck).
 29481 | Vaults:2 | 29481 ||| Stepping randomly (stuck).
 29482 | Vaults:2 | 29482 ||| Stepping randomly (stuck).
 29483 | Vaults:2 | 29483 ||| Stepping randomly (stuck).
 29484 | Vaults:2 | 29484 ||| Stepping randomly (stuck).
 29485 | Vaults:2 | 29485 ||| Stepping randomly (stuck).
 29486 | Vaults:2 | 29486 ||| Stepping randomly (stuck).
 29487 | Vaults:2 | 29487 ||| Stepping randomly (stuck).
 29488 | Vaults:2 | 29488 ||| Stepping randomly (stuck).
 29489 | Vaults:2 | 29489 ||| Stepping randomly (stuck).
 29490 | Vaults:2 | 29490 ||| Stepping randomly (stuck).
 29491 | Vaults:2 | 29491 ||| Stepping randomly (stuck).
 29492 | Vaults:2 | 29492 ||| Stepping randomly (stuck).
 29493 | Vaults:2 | 29493 ||| Stepping randomly (stuck).
 29494 | Vaults:2 | 29494 ||| Stepping randomly (stuck).
 29495 | Vaults:2 | 29495 ||| Stepping randomly (stuck).
 29496 | Vaults:2 | 29496 ||| Stepping randomly (stuck).
 29497 | Vaults:2 | 29497 ||| Stepping randomly (stuck).
 29498 | Vaults:2 | 29498 ||| Stepping randomly (stuck).
 29499 | Vaults:2 | 29499 ||| Stepping randomly (stuck).
 29500 | Vaults:2 | 29500 ||| Stepping randomly (stuck).
 29501 | Vaults:2 | 29501 ||| Stepping randomly (stuck).
 29502 | Vaults:2 | 29502 ||| Stepping randomly (stuck).
 29503 | Vaults:2 | 29503 ||| Stepping randomly (stuck).
 29504 | Vaults:2 | 29504 ||| Stepping randomly (stuck).
 29505 | Vaults:2 | 29505 ||| Stepping randomly (stuck).
 29506 | Vaults:2 | 29506 ||| Stepping randomly (stuck).
 29507 | Vaults:2 | 29507 ||| Stepping randomly (stuck).
 29508 | Vaults:2 | 29508 ||| Stepping randomly (stuck).
 29509 | Vaults:2 | 29509 ||| Stepping randomly (stuck).
 29510 | Vaults:2 | 29510 ||| Stepping randomly (stuck).
 29511 | Vaults:2 | 29511 ||| Stepping randomly (stuck).
 29512 | Vaults:2 | 29512 ||| Stepping randomly (stuck).
 29513 | Vaults:2 | 29513 ||| Stepping randomly (stuck).
 29514 | Vaults:2 | 29514 ||| Stepping randomly (stuck).
 29515 | Vaults:2 | 29515 ||| Stepping randomly (stuck).
 29516 | Vaults:2 | 29516 ||| Stepping randomly (stuck).
 29517 | Vaults:2 | 29517 ||| Stepping randomly (stuck).
 29518 | Vaults:2 | 29518 ||| Stepping randomly (stuck).
 29519 | Vaults:2 | 29519 ||| Stepping randomly (stuck).
 29520 | Vaults:2 | 29520 ||| Stepping randomly (stuck).
 29521 | Vaults:2 | 29521 ||| Stepping randomly (stuck).
 29522 | Vaults:2 | 29522 ||| Stepping randomly (stuck).
 29523 | Vaults:2 | 29523 ||| Stepping randomly (stuck).
 29524 | Vaults:2 | 29524 ||| Stepping randomly (stuck).
 29525 | Vaults:2 | 29525 ||| Stepping randomly (stuck).
 29526 | Vaults:2 | 29526 ||| Stepping randomly (stuck).
 29527 | Vaults:2 | 29527 ||| Stepping randomly (stuck).
 29528 | Vaults:2 | 29528 ||| Stepping randomly (stuck).
 29529 | Vaults:2 | 29529 ||| Stepping randomly (stuck).
 29530 | Vaults:2 | 29530 ||| Stepping randomly (stuck).
 29531 | Vaults:2 | 29531 ||| Stepping randomly (stuck).
 29532 | Vaults:2 | 29532 ||| Stepping randomly (stuck).
 29533 | Vaults:2 | 29533 ||| Stepping randomly (stuck).
 29534 | Vaults:2 | 29534 ||| Stepping randomly (stuck).
 29535 | Vaults:2 | 29535 ||| Stepping randomly (stuck).
 29536 | Vaults:2 | 29536 ||| Stepping randomly (stuck).
 29537 | Vaults:2 | 29537 ||| Stepping randomly (stuck).
 29538 | Vaults:2 | 29538 ||| Stepping randomly (stuck).
 29539 | Vaults:2 | 29539 ||| Stepping randomly (stuck).
 29540 | Vaults:2 | 29540 ||| Stepping randomly (stuck).
 29541 | Vaults:2 | 29541 ||| Stepping randomly (stuck).
 29542 | Vaults:2 | 29542 ||| Stepping randomly (stuck).
 29543 | Vaults:2 | 29543 ||| Stepping randomly (stuck).
 29544 | Vaults:2 | 29544 ||| Stepping randomly (stuck).
 29545 | Vaults:2 | 29545 ||| Stepping randomly (stuck).
 29546 | Vaults:2 | 29546 ||| Stepping randomly (stuck).
 29547 | Vaults:2 | 29547 ||| Stepping randomly (stuck).
 29548 | Vaults:2 | 29548 ||| Stepping randomly (stuck).
 29549 | Vaults:2 | 29549 ||| Stepping randomly (stuck).
 29550 | Vaults:2 | 29550 ||| Stepping randomly (stuck).
 29551 | Vaults:2 | 29551 ||| Stepping randomly (stuck).
 29552 | Vaults:2 | 29552 ||| Stepping randomly (stuck).
 29553 | Vaults:2 | 29553 ||| Stepping randomly (stuck).
 29554 | Vaults:2 | 29554 ||| Stepping randomly (stuck).
 29555 | Vaults:2 | 29555 ||| Stepping randomly (stuck).
 29556 | Vaults:2 | 29556 ||| Stepping randomly (stuck).
 29557 | Vaults:2 | 29557 ||| Stepping randomly (stuck).
 29558 | Vaults:2 | 29558 ||| Stepping randomly (stuck).
 29559 | Vaults:2 | 29559 ||| Stepping randomly (stuck).
 29560 | Vaults:2 | 29560 ||| Stepping randomly (stuck).
 29561 | Vaults:2 | 29561 ||| Stepping randomly (stuck).
 29562 | Vaults:2 | 29562 ||| Stepping randomly (stuck).
 29563 | Vaults:2 | 29563 ||| Stepping randomly (stuck).
 29564 | Vaults:2 | 29564 ||| Stepping randomly (stuck).
 29565 | Vaults:2 | 29565 ||| Stepping randomly (stuck).
 29566 | Vaults:2 | 29566 ||| Stepping randomly (stuck).
 29567 | Vaults:2 | 29567 ||| Stepping randomly (stuck).
 29568 | Vaults:2 | 29568 ||| Stepping randomly (stuck).
 29569 | Vaults:2 | 29569 ||| Stepping randomly (stuck).
 29570 | Vaults:2 | 29570 ||| Stepping randomly (stuck).
 29571 | Vaults:2 | 29571 ||| Stepping randomly (stuck).
 29572 | Vaults:2 | 29572 ||| Stepping randomly (stuck).
 29573 | Vaults:2 | 29573 ||| Stepping randomly (stuck).
 29574 | Vaults:2 | 29574 ||| Stepping randomly (stuck).
 29575 | Vaults:2 | 29575 ||| Stepping randomly (stuck).
 29576 | Vaults:2 | 29576 ||| Stepping randomly (stuck).
 29577 | Vaults:2 | 29577 ||| Stepping randomly (stuck).
 29578 | Vaults:2 | 29578 ||| Stepping randomly (stuck).
 29579 | Vaults:2 | 29579 ||| Stepping randomly (stuck).
 29580 | Vaults:2 | 29580 ||| Stepping randomly (stuck).
 29581 | Vaults:2 | 29581 ||| Stepping randomly (stuck).
 29582 | Vaults:2 | 29582 ||| Stepping randomly (stuck).
 29583 | Vaults:2 | 29583 ||| Stepping randomly (stuck).
 29584 | Vaults:2 | 29584 ||| Stepping randomly (stuck).
 29585 | Vaults:2 | 29585 ||| Stepping randomly (stuck).
 29586 | Vaults:2 | 29586 ||| Stepping randomly (stuck).
 29587 | Vaults:2 | 29587 ||| Stepping randomly (stuck).
 29588 | Vaults:2 | 29588 ||| Stepping randomly (stuck).
 29589 | Vaults:2 | 29589 ||| Stepping randomly (stuck).
 29590 | Vaults:2 | 29590 ||| Stepping randomly (stuck).
 29591 | Vaults:2 | 29591 ||| Stepping randomly (stuck).
 29592 | Vaults:2 | 29592 ||| Stepping randomly (stuck).
 29593 | Vaults:2 | 29593 ||| Stepping randomly (stuck).
 29594 | Vaults:2 | 29594 ||| Stepping randomly (stuck).
 29595 | Vaults:2 | 29595 ||| Stepping randomly (stuck).
 29596 | Vaults:2 | 29596 ||| Stepping randomly (stuck).
 29597 | Vaults:2 | 29597 ||| Stepping randomly (stuck).
 29598 | Vaults:2 | 29598 ||| Stepping randomly (stuck).
 29599 | Vaults:2 | 29599 ||| Stepping randomly (stuck).
 29600 | Vaults:2 | 29600 ||| Stepping randomly (stuck).
 29601 | Vaults:2 | 29601 ||| Stepping randomly (stuck).
 29602 | Vaults:2 | 29602 ||| Stepping randomly (stuck).
 29603 | Vaults:2 | 29603 ||| Stepping randomly (stuck).
 29604 | Vaults:2 | 29604 ||| Stepping randomly (stuck).
 29605 | Vaults:2 | 29605 ||| Stepping randomly (stuck).
 29606 | Vaults:2 | 29606 ||| Stepping randomly (stuck).
 29607 | Vaults:2 | 29607 ||| Stepping randomly (stuck).
 29608 | Vaults:2 | 29608 ||| Stepping randomly (stuck).
 29609 | Vaults:2 | 29609 ||| Stepping randomly (stuck).
 29610 | Vaults:2 | 29610 ||| Stepping randomly (stuck).
 29611 | Vaults:2 | 29611 ||| Stepping randomly (stuck).
 29612 | Vaults:2 | 29612 ||| Stepping randomly (stuck).
 29613 | Vaults:2 | 29613 ||| Stepping randomly (stuck).
 29614 | Vaults:2 | 29614 ||| Stepping randomly (stuck).
 29615 | Vaults:2 | 29615 ||| Stepping randomly (stuck).
 29616 | Vaults:2 | 29616 ||| Stepping randomly (stuck).
 29617 | Vaults:2 | 29617 ||| Stepping randomly (stuck).
 29618 | Vaults:2 | 29618 ||| Stepping randomly (stuck).
 29619 | Vaults:2 | 29619 ||| Stepping randomly (stuck).
 29620 | Vaults:2 | 29620 ||| Stepping randomly (stuck).
 29621 | Vaults:2 | 29621 ||| Stepping randomly (stuck).
 29622 | Vaults:2 | 29622 ||| Stepping randomly (stuck).
 29623 | Vaults:2 | 29623 ||| Stepping randomly (stuck).
 29624 | Vaults:2 | 29624 ||| Stepping randomly (stuck).
 29625 | Vaults:2 | 29625 ||| Stepping randomly (stuck).
 29626 | Vaults:2 | 29626 ||| Stepping randomly (stuck).
 29627 | Vaults:2 | 29627 ||| Stepping randomly (stuck).
 29628 | Vaults:2 | 29628 ||| Stepping randomly (stuck).
 29629 | Vaults:2 | 29629 ||| Stepping randomly (stuck).
 29630 | Vaults:2 | 29630 ||| Stepping randomly (stuck).
 29631 | Vaults:2 | 29631 ||| Stepping randomly (stuck).
 29632 | Vaults:2 | 29632 ||| Stepping randomly (stuck).
 29633 | Vaults:2 | 29633 ||| Stepping randomly (stuck).
 29634 | Vaults:2 | 29634 ||| Stepping randomly (stuck).
 29635 | Vaults:2 | 29635 ||| Stepping randomly (stuck).
 29636 | Vaults:2 | 29636 ||| Stepping randomly (stuck).
 29637 | Vaults:2 | 29637 ||| Stepping randomly (stuck).
 29638 | Vaults:2 | 29638 ||| Stepping randomly (stuck).
 29639 | Vaults:2 | 29639 ||| Stepping randomly (stuck).
 29640 | Vaults:2 | 29640 ||| Stepping randomly (stuck).
 29641 | Vaults:2 | 29641 ||| Stepping randomly (stuck).
 29642 | Vaults:2 | 29642 ||| Stepping randomly (stuck).
 29643 | Vaults:2 | 29643 ||| Stepping randomly (stuck).
 29644 | Vaults:2 | 29644 ||| Stepping randomly (stuck).
 29645 | Vaults:2 | 29645 ||| Stepping randomly (stuck).
 29646 | Vaults:2 | 29646 ||| Stepping randomly (stuck).
 29647 | Vaults:2 | 29647 ||| Stepping randomly (stuck).
 29648 | Vaults:2 | 29648 ||| Stepping randomly (stuck).
 29649 | Vaults:2 | 29649 ||| Stepping randomly (stuck).
 29650 | Vaults:2 | 29650 ||| Stepping randomly (stuck).
 29651 | Vaults:2 | 29651 ||| Stepping randomly (stuck).
 29652 | Vaults:2 | 29652 ||| Stepping randomly (stuck).
 29653 | Vaults:2 | 29653 ||| Stepping randomly (stuck).
 29654 | Vaults:2 | 29654 ||| Stepping randomly (stuck).
 29655 | Vaults:2 | 29655 ||| Stepping randomly (stuck).
 29656 | Vaults:2 | 29656 ||| Stepping randomly (stuck).
 29657 | Vaults:2 | 29657 ||| Stepping randomly (stuck).
 29658 | Vaults:2 | 29658 ||| Stepping randomly (stuck).
 29659 | Vaults:2 | 29659 ||| Stepping randomly (stuck).
 29660 | Vaults:2 | 29660 ||| Stepping randomly (stuck).
 29661 | Vaults:2 | 29661 ||| Stepping randomly (stuck).
 29662 | Vaults:2 | 29662 ||| Stepping randomly (stuck).
 29663 | Vaults:2 | 29663 ||| Stepping randomly (stuck).
 29664 | Vaults:2 | 29664 ||| Stepping randomly (stuck).
 29665 | Vaults:2 | 29665 ||| Stepping randomly (stuck).
 29666 | Vaults:2 | 29666 ||| Stepping randomly (stuck).
 29667 | Vaults:2 | 29667 ||| Stepping randomly (stuck).
 29668 | Vaults:2 | 29668 ||| Stepping randomly (stuck).
 29669 | Vaults:2 | 29669 ||| Stepping randomly (stuck).
 29670 | Vaults:2 | 29670 ||| Stepping randomly (stuck).
 29671 | Vaults:2 | 29671 ||| Stepping randomly (stuck).
 29672 | Vaults:2 | 29672 ||| Stepping randomly (stuck).
 29673 | Vaults:2 | 29673 ||| Stepping randomly (stuck).
 29674 | Vaults:2 | 29674 ||| Stepping randomly (stuck).
 29675 | Vaults:2 | 29675 ||| Stepping randomly (stuck).
 29676 | Vaults:2 | 29676 ||| Stepping randomly (stuck).
 29677 | Vaults:2 | 29677 ||| Stepping randomly (stuck).
 29678 | Vaults:2 | 29678 ||| Stepping randomly (stuck).
 29679 | Vaults:2 | 29679 ||| Stepping randomly (stuck).
 29680 | Vaults:2 | 29680 ||| Stepping randomly (stuck).
 29681 | Vaults:2 | 29681 ||| Stepping randomly (stuck).
 29682 | Vaults:2 | 29682 ||| Stepping randomly (stuck).
 29683 | Vaults:2 | 29683 ||| Stepping randomly (stuck).
 29684 | Vaults:2 | 29684 ||| Stepping randomly (stuck).
 29685 | Vaults:2 | 29685 ||| Stepping randomly (stuck).
 29686 | Vaults:2 | 29686 ||| Stepping randomly (stuck).
 29687 | Vaults:2 | 29687 ||| Stepping randomly (stuck).
 29688 | Vaults:2 | 29688 ||| Stepping randomly (stuck).
 29689 | Vaults:2 | 29689 ||| Stepping randomly (stuck).
 29690 | Vaults:2 | 29690 ||| Stepping randomly (stuck).
 29691 | Vaults:2 | 29691 ||| Stepping randomly (stuck).
 29692 | Vaults:2 | 29692 ||| Stepping randomly (stuck).
 29693 | Vaults:2 | 29693 ||| Stepping randomly (stuck).
 29694 | Vaults:2 | 29694 ||| Stepping randomly (stuck).
 29695 | Vaults:2 | 29695 ||| Stepping randomly (stuck).
 29696 | Vaults:2 | 29696 ||| Stepping randomly (stuck).
 29697 | Vaults:2 | 29697 ||| Stepping randomly (stuck).
 29698 | Vaults:2 | 29698 ||| Stepping randomly (stuck).
 29699 | Vaults:2 | 29699 ||| Stepping randomly (stuck).
 29700 | Vaults:2 | 29700 ||| Stepping randomly (stuck).
 29701 | Vaults:2 | 29701 ||| Stepping randomly (stuck).
 29702 | Vaults:2 | 29702 ||| Stepping randomly (stuck).
 29703 | Vaults:2 | 29703 ||| Stepping randomly (stuck).
 29704 | Vaults:2 | 29704 ||| Stepping randomly (stuck).
 29705 | Vaults:2 | 29705 ||| Stepping randomly (stuck).
 29706 | Vaults:2 | 29706 ||| Stepping randomly (stuck).
 29707 | Vaults:2 | 29707 ||| Stepping randomly (stuck).
 29708 | Vaults:2 | 29708 ||| Stepping randomly (stuck).
 29709 | Vaults:2 | 29709 ||| Stepping randomly (stuck).
 29710 | Vaults:2 | 29710 ||| Stepping randomly (stuck).
 29711 | Vaults:2 | 29711 ||| Stepping randomly (stuck).
 29712 | Vaults:2 | 29712 ||| Stepping randomly (stuck).
 29713 | Vaults:2 | 29713 ||| Stepping randomly (stuck).
 29714 | Vaults:2 | 29714 ||| Stepping randomly (stuck).
 29715 | Vaults:2 | 29715 ||| Stepping randomly (stuck).
 29716 | Vaults:2 | 29716 ||| Stepping randomly (stuck).
 29717 | Vaults:2 | 29717 ||| Stepping randomly (stuck).
 29718 | Vaults:2 | 29718 ||| Stepping randomly (stuck).
 29719 | Vaults:2 | 29719 ||| Stepping randomly (stuck).
 29720 | Vaults:2 | 29720 ||| Stepping randomly (stuck).
 29721 | Vaults:2 | 29721 ||| Stepping randomly (stuck).
 29722 | Vaults:2 | 29722 ||| Stepping randomly (stuck).
 29723 | Vaults:2 | 29723 ||| Stepping randomly (stuck).
 29724 | Vaults:2 | 29724 ||| Stepping randomly (stuck).
 29725 | Vaults:2 | 29725 ||| Stepping randomly (stuck).
 29726 | Vaults:2 | 29726 ||| Stepping randomly (stuck).
 29727 | Vaults:2 | 29727 ||| Stepping randomly (stuck).
 29728 | Vaults:2 | 29728 ||| Stepping randomly (stuck).
 29729 | Vaults:2 | 29729 ||| Stepping randomly (stuck).
 29730 | Vaults:2 | 29730 ||| Stepping randomly (stuck).
 29731 | Vaults:2 | 29731 ||| Stepping randomly (stuck).
 29732 | Vaults:2 | 29732 ||| Stepping randomly (stuck).
 29733 | Vaults:2 | 29733 ||| Stepping randomly (stuck).
 29734 | Vaults:2 | 29734 ||| Stepping randomly (stuck).
 29735 | Vaults:2 | 29735 ||| Stepping randomly (stuck).
 29736 | Vaults:2 | 29736 ||| Stepping randomly (stuck).
 29737 | Vaults:2 | 29737 ||| Stepping randomly (stuck).
 29738 | Vaults:2 | 29738 ||| Stepping randomly (stuck).
 29739 | Vaults:2 | 29739 ||| Stepping randomly (stuck).
 29740 | Vaults:2 | 29740 ||| Stepping randomly (stuck).
 29741 | Vaults:2 | 29741 ||| Stepping randomly (stuck).
 29742 | Vaults:2 | 29742 ||| Stepping randomly (stuck).
 29743 | Vaults:2 | 29743 ||| Stepping randomly (stuck).
 29744 | Vaults:2 | 29744 ||| Stepping randomly (stuck).
 29745 | Vaults:2 | 29745 ||| Stepping randomly (stuck).
 29746 | Vaults:2 | 29746 ||| Stepping randomly (stuck).
 29747 | Vaults:2 | 29747 ||| Stepping randomly (stuck).
 29748 | Vaults:2 | 29748 ||| Stepping randomly (stuck).
 29749 | Vaults:2 | 29749 ||| Stepping randomly (stuck).
 29750 | Vaults:2 | 29750 ||| Stepping randomly (stuck).
 29751 | Vaults:2 | 29751 ||| Stepping randomly (stuck).
 29752 | Vaults:2 | 29752 ||| Stepping randomly (stuck).
 29753 | Vaults:2 | 29753 ||| Stepping randomly (stuck).
 29754 | Vaults:2 | 29754 ||| Stepping randomly (stuck).
 29755 | Vaults:2 | 29755 ||| Stepping randomly (stuck).
 29756 | Vaults:2 | 29756 ||| Stepping randomly (stuck).
 29757 | Vaults:2 | 29757 ||| Stepping randomly (stuck).
 29758 | Vaults:2 | 29758 ||| Stepping randomly (stuck).
 29759 | Vaults:2 | 29759 ||| Stepping randomly (stuck).
 29760 | Vaults:2 | 29760 ||| Stepping randomly (stuck).
 29761 | Vaults:2 | 29761 ||| Stepping randomly (stuck).
 29762 | Vaults:2 | 29762 ||| Stepping randomly (stuck).
 29763 | Vaults:2 | 29763 ||| Stepping randomly (stuck).
 29764 | Vaults:2 | 29764 ||| Stepping randomly (stuck).
 29765 | Vaults:2 | 29765 ||| Stepping randomly (stuck).
 29766 | Vaults:2 | 29766 ||| Stepping randomly (stuck).
 29767 | Vaults:2 | 29767 ||| Stepping randomly (stuck).
 29768 | Vaults:2 | 29768 ||| Stepping randomly (stuck).
 29769 | Vaults:2 | 29769 ||| Stepping randomly (stuck).
 29770 | Vaults:2 | 29770 ||| Stepping randomly (stuck).
 29771 | Vaults:2 | 29771 ||| Stepping randomly (stuck).
 29772 | Vaults:2 | 29772 ||| Stepping randomly (stuck).
 29773 | Vaults:2 | 29773 ||| Stepping randomly (stuck).
 29774 | Vaults:2 | 29774 ||| Stepping randomly (stuck).
 29775 | Vaults:2 | 29775 ||| Stepping randomly (stuck).
 29776 | Vaults:2 | 29776 ||| Stepping randomly (stuck).
 29777 | Vaults:2 | 29777 ||| Stepping randomly (stuck).
 29778 | Vaults:2 | 29778 ||| Stepping randomly (stuck).
 29779 | Vaults:2 | 29779 ||| Stepping randomly (stuck).
 29780 | Vaults:2 | 29780 ||| Stepping randomly (stuck).
 29781 | Vaults:2 | 29781 ||| Stepping randomly (stuck).
 29782 | Vaults:2 | 29782 ||| Stepping randomly (stuck).
 29783 | Vaults:2 | 29783 ||| Stepping randomly (stuck).
 29784 | Vaults:2 | 29784 ||| Stepping randomly (stuck).
 29785 | Vaults:2 | 29785 ||| Stepping randomly (stuck).
 29786 | Vaults:2 | 29786 ||| Stepping randomly (stuck).
 29787 | Vaults:2 | 29787 ||| Stepping randomly (stuck).
 29788 | Vaults:2 | 29788 ||| Stepping randomly (stuck).
 29789 | Vaults:2 | 29789 ||| Stepping randomly (stuck).
 29790 | Vaults:2 | 29790 ||| Stepping randomly (stuck).
 29791 | Vaults:2 | 29791 ||| Stepping randomly (stuck).
 29792 | Vaults:2 | 29792 ||| Stepping randomly (stuck).
 29793 | Vaults:2 | 29793 ||| Stepping randomly (stuck).
 29794 | Vaults:2 | 29794 ||| Stepping randomly (stuck).
 29795 | Vaults:2 | 29795 ||| Stepping randomly (stuck).
 29796 | Vaults:2 | 29796 ||| Stepping randomly (stuck).
 29797 | Vaults:2 | 29797 ||| Stepping randomly (stuck).
 29798 | Vaults:2 | 29798 ||| Stepping randomly (stuck).
 29799 | Vaults:2 | 29799 ||| Stepping randomly (stuck).
 29800 | Vaults:2 | 29800 ||| Stepping randomly (stuck).
 29801 | Vaults:2 | 29801 ||| Stepping randomly (stuck).
 29802 | Vaults:2 | 29802 ||| Stepping randomly (stuck).
 29803 | Vaults:2 | 29803 ||| Stepping randomly (stuck).
 29804 | Vaults:2 | 29804 ||| Stepping randomly (stuck).
 29805 | Vaults:2 | 29805 ||| Stepping randomly (stuck).
 29806 | Vaults:2 | 29806 ||| Stepping randomly (stuck).
 29807 | Vaults:2 | 29807 ||| Stepping randomly (stuck).
 29808 | Vaults:2 | 29808 ||| Stepping randomly (stuck).
 29809 | Vaults:2 | 29809 ||| Stepping randomly (stuck).
 29830 | Vaults:2 | 29830 ||| Stepping ~*~*~tactically~*~*~ (hiding).
 29935 | Vaults:2 | 29935 ||| Stepping randomly (stuck).
 29936 | Vaults:2 | 29936 ||| Stepping randomly (stuck).
 29937 | Vaults:2 | 29937 ||| Stepping randomly (stuck).
 29938 | Vaults:2 | 29938 ||| Stepping randomly (stuck).
 29939 | Vaults:2 | 29939 ||| Stepping randomly (stuck).
 29940 | Vaults:2 | 29940 ||| Stepping randomly (stuck).
 29941 | Vaults:2 | 29941 ||| Stepping randomly (stuck).
 29942 | Vaults:2 | 29942 ||| Stepping randomly (stuck).
 29943 | Vaults:2 | 29943 ||| Stepping randomly (stuck).
 29944 | Vaults:2 | 29944 ||| Stepping randomly (stuck).
 29945 | Vaults:2 | 29945 ||| Stepping randomly (stuck).
 29946 | Vaults:2 | 29946 ||| Stepping randomly (stuck).
 29947 | Vaults:2 | 29947 ||| Stepping randomly (stuck).
 29948 | Vaults:2 | 29948 ||| Stepping randomly (stuck).
 29949 | Vaults:2 | 29949 ||| Stepping randomly (stuck).
 29950 | Vaults:2 | 29950 ||| Stepping randomly (stuck).
 29951 | Vaults:2 | 29951 ||| Stepping randomly (stuck).
 29952 | Vaults:2 | 29952 ||| Stepping randomly (stuck).
 29953 | Vaults:2 | 29953 ||| Stepping randomly (stuck).
 29954 | Vaults:2 | 29954 ||| Stepping randomly (stuck).
 29955 | Vaults:2 | 29955 ||| Stepping randomly (stuck).
 29956 | Vaults:2 | 29956 ||| Stepping randomly (stuck).
 29957 | Vaults:2 | 29957 ||| Stepping randomly (stuck).
 29958 | Vaults:2 | 29958 ||| Stepping randomly (stuck).
 29959 | Vaults:2 | 29959 ||| Stepping randomly (stuck).
 29960 | Vaults:2 | 29960 ||| Stepping randomly (stuck).
 29961 | Vaults:2 | 29961 ||| Stepping randomly (stuck).
 29962 | Vaults:2 | 29962 ||| Stepping randomly (stuck).
 29963 | Vaults:2 | 29963 ||| Stepping randomly (stuck).
 29964 | Vaults:2 | 29964 ||| Stepping randomly (stuck).
 29965 | Vaults:2 | 29965 ||| Stepping randomly (stuck).
 29966 | Vaults:2 | 29966 ||| Stepping randomly (stuck).
 29967 | Vaults:2 | 29967 ||| Stepping randomly (stuck).
 29968 | Vaults:2 | 29968 ||| Stepping randomly (stuck).
 29969 | Vaults:2 | 29969 ||| Stepping randomly (stuck).
 29970 | Vaults:2 | 29970 ||| Stepping randomly (stuck).
 29971 | Vaults:2 | 29971 ||| Stepping randomly (stuck).
 29972 | Vaults:2 | 29972 ||| Stepping randomly (stuck).
 29973 | Vaults:2 | 29973 ||| Stepping randomly (stuck).
 29974 | Vaults:2 | 29974 ||| Stepping randomly (stuck).
 29975 | Vaults:2 | 29975 ||| Stepping randomly (stuck).
 29976 | Vaults:2 | 29976 ||| Stepping randomly (stuck).
 29977 | Vaults:2 | 29977 ||| Stepping randomly (stuck).
 29978 | Vaults:2 | 29978 ||| Stepping randomly (stuck).
 29979 | Vaults:2 | 29979 ||| Stepping randomly (stuck).
 29980 | Vaults:2 | 29980 ||| Stepping randomly (stuck).
 29981 | Vaults:2 | 29981 ||| Stepping randomly (stuck).
 29982 | Vaults:2 | 29982 ||| Stepping randomly (stuck).
 29983 | Vaults:2 | 29983 ||| Stepping randomly (stuck).
 29984 | Vaults:2 | 29984 ||| Stepping randomly (stuck).
 29985 | Vaults:2 | 29985 ||| Stepping randomly (stuck).
 29986 | Vaults:2 | 29986 ||| Stepping randomly (stuck).
 29987 | Vaults:2 | 29987 ||| Stepping randomly (stuck).
 29988 | Vaults:2 | 29988 ||| Stepping randomly (stuck).
 29989 | Vaults:2 | 29989 ||| Stepping randomly (stuck).
 29990 | Vaults:2 | 29990 ||| Stepping randomly (stuck).
 29991 | Vaults:2 | 29991 ||| Stepping randomly (stuck).
 29992 | Vaults:2 | 29992 ||| Stepping randomly (stuck).
 29993 | Vaults:2 | 29993 ||| Stepping randomly (stuck).
 29994 | Vaults:2 | 29994 ||| Stepping randomly (stuck).
 29995 | Vaults:2 | 29995 ||| Stepping randomly (stuck).
 29996 | Vaults:2 | 29996 ||| Stepping randomly (stuck).
 29997 | Vaults:2 | 29997 ||| Stepping randomly (stuck).
 29998 | Vaults:2 | 29998 ||| Stepping randomly (stuck).
 29999 | Vaults:2 | 29999 ||| Stepping randomly (stuck).
 30000 | Vaults:2 | 30000 ||| Stepping randomly (stuck).
 30001 | Vaults:2 | 30001 ||| Stepping randomly (stuck).
 30002 | Vaults:2 | 30002 ||| Stepping randomly (stuck).
 30003 | Vaults:2 | 30003 ||| Stepping randomly (stuck).
 30004 | Vaults:2 | 30004 ||| Stepping randomly (stuck).
 30005 | Vaults:2 | 30005 ||| Stepping randomly (stuck).
 30006 | Vaults:2 | 30006 ||| Stepping randomly (stuck).
 30007 | Vaults:2 | 30007 ||| Stepping randomly (stuck).
 30008 | Vaults:2 | 30008 ||| Stepping randomly (stuck).
 30009 | Vaults:2 | 30009 ||| Stepping randomly (stuck).
 30010 | Vaults:2 | 30010 ||| Stepping randomly (stuck).
 30011 | Vaults:2 | 30011 ||| Stepping randomly (stuck).
 30012 | Vaults:2 | 30012 ||| Stepping randomly (stuck).
 30013 | Vaults:2 | 30013 ||| Stepping randomly (stuck).
 30014 | Vaults:2 | 30014 ||| Stepping randomly (stuck).
 30015 | Vaults:2 | 30015 ||| Stepping randomly (stuck).
 30016 | Vaults:2 | 30016 ||| Stepping randomly (stuck).
 30017 | Vaults:2 | 30017 ||| Stepping randomly (stuck).
 30018 | Vaults:2 | 30018 ||| Stepping randomly (stuck).
 30019 | Vaults:2 | 30019 ||| Stepping randomly (stuck).
 30020 | Vaults:2 | 30020 ||| Stepping randomly (stuck).
 30021 | Vaults:2 | 30021 ||| Stepping randomly (stuck).
 30022 | Vaults:2 | 30022 ||| Stepping randomly (stuck).
 30023 | Vaults:2 | 30023 ||| Stepping randomly (stuck).
 30024 | Vaults:2 | 30024 ||| Stepping randomly (stuck).
 30025 | Vaults:2 | 30025 ||| Stepping randomly (stuck).
 30026 | Vaults:2 | 30026 ||| Stepping randomly (stuck).
 30027 | Vaults:2 | 30027 ||| Stepping randomly (stuck).
 30028 | Vaults:2 | 30028 ||| Stepping randomly (stuck).
 30029 | Vaults:2 | 30029 ||| Stepping randomly (stuck).
 30030 | Vaults:2 | 30030 ||| Stepping randomly (stuck).
 30031 | Vaults:2 | 30031 ||| Stepping randomly (stuck).
 30032 | Vaults:2 | 30032 ||| Stepping randomly (stuck).
 30033 | Vaults:2 | 30033 ||| Stepping randomly (stuck).
 30034 | Vaults:2 | 30034 ||| Stepping randomly (stuck).
 30035 | Vaults:2 | 30035 ||| Stepping randomly (stuck).
 30036 | Vaults:2 | 30036 ||| Stepping randomly (stuck).
 30037 | Vaults:2 | 30037 ||| Stepping randomly (stuck).
 30038 | Vaults:2 | 30038 ||| Stepping randomly (stuck).
 30039 | Vaults:2 | 30039 ||| Stepping randomly (stuck).
 30040 | Vaults:2 | 30040 ||| Stepping randomly (stuck).
 30041 | Vaults:2 | 30041 ||| Stepping randomly (stuck).
 30042 | Vaults:2 | 30042 ||| Stepping randomly (stuck).
 30043 | Vaults:2 | 30043 ||| Stepping randomly (stuck).
 30044 | Vaults:2 | 30044 ||| Stepping randomly (stuck).
 30045 | Vaults:2 | 30045 ||| Stepping randomly (stuck).
 30046 | Vaults:2 | 30046 ||| Stepping randomly (stuck).
 30047 | Vaults:2 | 30047 ||| Stepping randomly (stuck).
 30048 | Vaults:2 | 30048 ||| Stepping randomly (stuck).
 30049 | Vaults:2 | 30049 ||| Stepping randomly (stuck).
 30050 | Vaults:2 | 30050 ||| Stepping randomly (stuck).
 30051 | Vaults:2 | 30051 ||| Stepping randomly (stuck).
 30052 | Vaults:2 | 30052 ||| Stepping randomly (stuck).
 30053 | Vaults:2 | 30053 ||| Stepping randomly (stuck).
 30054 | Vaults:2 | 30054 ||| Stepping randomly (stuck).
 30055 | Vaults:2 | 30055 ||| Stepping randomly (stuck).
 30056 | Vaults:2 | 30056 ||| Stepping randomly (stuck).
 30057 | Vaults:2 | 30057 ||| Stepping randomly (stuck).
 30058 | Vaults:2 | 30058 ||| Stepping randomly (stuck).
 30059 | Vaults:2 | 30059 ||| Stepping randomly (stuck).
 30060 | Vaults:2 | 30060 ||| Stepping randomly (stuck).
 30061 | Vaults:2 | 30061 ||| Stepping randomly (stuck).
 30062 | Vaults:2 | 30062 ||| Stepping randomly (stuck).
 30063 | Vaults:2 | 30063 ||| Stepping randomly (stuck).
 30064 | Vaults:2 | 30064 ||| Stepping randomly (stuck).
 30065 | Vaults:2 | 30065 ||| Stepping randomly (stuck).
 30066 | Vaults:2 | 30066 ||| Stepping randomly (stuck).
 30067 | Vaults:2 | 30067 ||| Stepping randomly (stuck).
 30068 | Vaults:2 | 30068 ||| Stepping randomly (stuck).
 30069 | Vaults:2 | 30069 ||| Stepping randomly (stuck).
 30070 | Vaults:2 | 30070 ||| Stepping randomly (stuck).
 30071 | Vaults:2 | 30071 ||| Stepping randomly (stuck).
 30072 | Vaults:2 | 30072 ||| Stepping randomly (stuck).
 30073 | Vaults:2 | 30073 ||| Stepping randomly (stuck).
 30074 | Vaults:2 | 30074 ||| Stepping randomly (stuck).
 30075 | Vaults:2 | 30075 ||| Stepping randomly (stuck).
 30076 | Vaults:2 | 30076 ||| Stepping randomly (stuck).
 30077 | Vaults:2 | 30077 ||| Stepping randomly (stuck).
 30078 | Vaults:2 | 30078 ||| Stepping randomly (stuck).
 30079 | Vaults:2 | 30079 ||| Stepping randomly (stuck).
 30080 | Vaults:2 | 30080 ||| Stepping randomly (stuck).
 30081 | Vaults:2 | 30081 ||| Stepping randomly (stuck).
 30082 | Vaults:2 | 30082 ||| Stepping randomly (stuck).
 30083 | Vaults:2 | 30083 ||| Stepping randomly (stuck).
 30084 | Vaults:2 | 30084 ||| Stepping randomly (stuck).
 30085 | Vaults:2 | 30085 ||| Stepping randomly (stuck).
 30086 | Vaults:2 | 30086 ||| Stepping randomly (stuck).
 30087 | Vaults:2 | 30087 ||| Stepping randomly (stuck).
 30088 | Vaults:2 | 30088 ||| Stepping randomly (stuck).
 30089 | Vaults:2 | 30089 ||| Stepping randomly (stuck).
 30090 | Vaults:2 | 30090 ||| Stepping randomly (stuck).
 30091 | Vaults:2 | 30091 ||| Stepping randomly (stuck).
 30092 | Vaults:2 | 30092 ||| Stepping randomly (stuck).
 30093 | Vaults:2 | 30093 ||| Stepping randomly (stuck).
 30094 | Vaults:2 | 30094 ||| Stepping randomly (stuck).
 30095 | Vaults:2 | 30095 ||| Stepping randomly (stuck).
 30096 | Vaults:2 | 30096 ||| Stepping randomly (stuck).
 30097 | Vaults:2 | 30097 ||| Stepping randomly (stuck).
 30098 | Vaults:2 | 30098 ||| Stepping randomly (stuck).
 30099 | Vaults:2 | 30099 ||| Stepping randomly (stuck).
 30100 | Vaults:2 | 30100 ||| Stepping randomly (stuck).
 30101 | Vaults:2 | 30101 ||| Stepping randomly (stuck).
 30102 | Vaults:2 | 30102 ||| Stepping randomly (stuck).
 30103 | Vaults:2 | 30103 ||| Stepping randomly (stuck).
 30104 | Vaults:2 | 30104 ||| Stepping randomly (stuck).
 30105 | Vaults:2 | 30105 ||| Stepping randomly (stuck).
 30106 | Vaults:2 | 30106 ||| Stepping randomly (stuck).
 30107 | Vaults:2 | 30107 ||| Stepping randomly (stuck).
 30108 | Vaults:2 | 30108 ||| Stepping randomly (stuck).
 30109 | Vaults:2 | 30109 ||| Stepping randomly (stuck).
 30110 | Vaults:2 | 30110 ||| Stepping randomly (stuck).
 30111 | Vaults:2 | 30111 ||| Stepping randomly (stuck).
 30112 | Vaults:2 | 30112 ||| Stepping randomly (stuck).
 30113 | Vaults:2 | 30113 ||| Stepping randomly (stuck).
 30114 | Vaults:2 | 30114 ||| Stepping randomly (stuck).
 30115 | Vaults:2 | 30115 ||| Stepping randomly (stuck).
 30116 | Vaults:2 | 30116 ||| Stepping randomly (stuck).
 30117 | Vaults:2 | 30117 ||| Stepping randomly (stuck).
 30118 | Vaults:2 | 30118 ||| Stepping randomly (stuck).
 30119 | Vaults:2 | 30119 ||| Stepping randomly (stuck).
 30120 | Vaults:2 | 30120 ||| Stepping randomly (stuck).
 30121 | Vaults:2 | 30121 ||| Stepping randomly (stuck).
 30122 | Vaults:2 | 30122 ||| Stepping randomly (stuck).
 30123 | Vaults:2 | 30123 ||| Stepping randomly (stuck).
 30124 | Vaults:2 | 30124 ||| Stepping randomly (stuck).
 30125 | Vaults:2 | 30125 ||| Stepping randomly (stuck).
 30126 | Vaults:2 | 30126 ||| Stepping randomly (stuck).
 30127 | Vaults:2 | 30127 ||| Stepping randomly (stuck).
 30128 | Vaults:2 | 30128 ||| Stepping randomly (stuck).
 30129 | Vaults:2 | 30129 ||| Stepping randomly (stuck).
 30130 | Vaults:2 | 30130 ||| Stepping randomly (stuck).
 30131 | Vaults:2 | 30131 ||| Stepping randomly (stuck).
 30132 | Vaults:2 | 30132 ||| Stepping randomly (stuck).
 30133 | Vaults:2 | 30133 ||| Stepping randomly (stuck).
 30134 | Vaults:2 | 30134 ||| Stepping randomly (stuck).
 30135 | Vaults:2 | 30135 ||| Stepping randomly (stuck).
 30136 | Vaults:2 | 30136 ||| Stepping randomly (stuck).
 30137 | Vaults:2 | Quit the game

Levels and vault maps discovered:
D:1:      shiori_arrival_maze, layout_basic, minmay_shallow_snake_nest
D:2:      layout_rooms
D:3:      layout_loops_cross, serial_shops, shop, nicolae_goblin_pals
D:4:      layout_loops_ring, grunt_temple_overflow_open,
          minmay_temple_entry_mini_moons, uniq_robin, uniq_eustachio
D:5:      layout_basic, uniq_grinder, uniq_prince_ribbit1
D:6:      layout_cave_pods, uniq_edmund
D:7:      layout_basic, minmay_the_grid_2x2 [minmay_the_grid_small_cups,
          minmay_the_grid_armoury, minmay_the_grid_spikes,
          minmay_the_grid_prize_trominoes]
D:8:      layout_rooms, hellmonk_lair_entry_icy
D:9:      layout_irregular_city, orc_0_dummy, uniq_gastronok
D:10:     layout_cave_pods
D:11:     layout_irregular_city
D:12:     layout_loops_cross, gammafunk_ghost_mausoleum, eino_house_with_fridge
D:13:     minmay_eight_partial_circles, layout_irregular_city, david_vaults_2
D:14:     layout_cave_pods, serial_park_square3 [serial_park_minivault_5x5_7],
          minivault_4, minmay_statue_bubble
D:15:     gammafunk_enter_depths_forms, layout_loops_corners,
          nicolae_dithmenos_shadow_blocks, zin_academy
Temple:   hellmonk_temple_of_storms
Lair:1:   layout_loops_ring, kennysheep_abandoned_house, grunt_megastairs_3,
          infiniplex_staircase_pool_2, uniq_nergalle
Lair:2:   layout_roguey, basic_altar, grunt_megastairs_5
Lair:3:   layout_chaotic_city, elwin_shoals_entry_stream,
          minmay_snake_entry_guardpost_medium, uniq_snorg
Lair:4:   layout_gridlike, dpeg_slime_entry_enclosed, lemuel_fruit_fields
Lair:5:   gammafunk_lair_ancient_temple, layout_big_grid, lemuel_fruit_tree,
          grunt_megastairs_4, serial_bayou_shore_b
Shoals:1: layout_shoals, serial_shops, nicolae_square_shop
Shoals:2: layout_shoals, gammafunk_ghost_tricky_traps, uniq_ilsuiw
Shoals:3: layout_shoals, nicolae_shoals_wave_tunnel
Snake:1:  layout_rooms, basic_altar, minmay_shop_star
Snake:2:  layout_basic, gammafunk_ghost_split, serial_bayou_shore_a
Snake:3:  layout_onion, grunt_megastairs_1, uniq_aizul, uniq_saint_roka
Snake:4:  grunt_snake_rune_pools, layout_misc_corridors, uniq_mlioglotl
Orc:1:    layout_caves, ebering_ghost_inner_flame, basic_altar
Orc:2:    grunt_orc_tribal_feast, layout_caves, portal_ice_cave_entry_pillars_1
Vaults:1: grunt_vaults_funnel, nicolae_vaults_frosty_reception,
          hangedman_vaults_capsules, nicolae_vaults_windows_and_doors_thing,
          vaults_room_hangedman_quadrants, v_rooms_2, hangedman_vaults_slice,
          nicolae_vaults_offset_grid_hallway_3, nicolae_vaults_shelves_hall,
          serial_ice_b, nicolae_vaults_trapezoid_3, layout_vaults_ring
Vaults:2: portal_desolation_entry_holy_temple, vaults_mumra_minichess,
          nicolae_vaults_doubleplus_tesselated,
          nicolae_vaults_network_periphery, minmay_crypt_entry_simple_walls,
          st_lines, nicolae_vaults_little_squares_2,
          nicolae_vaults_network_barrier, vaults_dpeg_diagonal,
          grunt_vaults_hallway_short, v_rooms_3, vaults_mumra_hex,
          nicolae_vaults_tetromino_Z_1, nicolae_vaults_house_3,
          nicolae_vaults_house_1, layout_vaults_omnibox, serial_shops,
          nicolae_shop_window_shopping

Skill      XL: |  1  2  3  4  5  6  7  8  9 10 11 12 13 14 15 16 17 18 19 20 |
---------------+-------------------------------------------------------------+-----
Axes           | 2 3 4 5 6 7 8 9 11 13 14 16 18 | 18.0
Fighting       | 4 5 7 8 9 10 11 12 13 14 16 17 | 17.0
Dodging        | 1 3 4 5 6 |  6.0
Invocations    | 4 6 9 10 | 10.0
Armour         | 4 5 8 9 10 11 12 14 15 16 | 16.0
Shields        | 5 6 7 8 13 15 17 19 | 19.3
Throwing       | 1 3 4 7 8 |  8.8

Action                     |  1- 3 |  4- 6 |  7- 9 | 10-12 | 13-15 | 16-18 | 19-21 || total
---------------------------+-------+-------+-------+-------+-------+-------+-------++-------
  Melee: War axe           |   123 |   106 |   127 |       |       |  1028 |   307 ||  1691
         Broad axe         |       |       |    51 |   501 |   511 |   640 |   500 ||  2203
         Morningstar       |       |       |       |    11 |     6 |    11 |       ||    28
  Throw: Boomerang         |       |       |       |    22 |    58 |    66 |    13 ||   159
         Javelin           |       |       |       |    12 |    45 |   124 |    24 ||   205
 Invoke: Heroism           |       |       |     6 |    16 |    19 |    24 |     9 ||    74
         Finesse           |       |       |       |     1 |     5 |     6 |     3 ||    15
    Use: Scroll            |     3 |     7 |     6 |     4 |     5 |    12 |     6 ||    43
         Potion            |       |     2 |     4 |     2 |     3 |     5 |       ||    16
   Stab: Invisible         |       |       |       |     7 |       |       |       ||     7
         Paralysed         |       |       |       |       |       |     1 |       ||     1
 Armour: Scale mail        |    61 |    20 |       |       |       |       |       ||    81
         Chain mail        |       |    53 |   128 |    52 |       |       |       ||   233
         Plate armour      |       |       |       |   258 |   333 |   903 |   316 ||  1810
  Dodge: Dodged            |    51 |    34 |    68 |   171 |   158 |   716 |   211 ||  1409
  Block: Buckler           |    27 |    10 |    40 |   208 |   164 |   256 |       ||   705
         Kite shield       |       |       |       |       |       |   330 |   115 ||   445
         Tower shield      |       |       |       |       |       |       |   320 ||   320

Table legend:
 A = Non-vault XP
 B = Vault XP
 C = Vault XP percentage of total XP
 D = Non-vault monster count
 E = Vault monster count
 F = Vault count percentage of total count
                 A         B        C        D         E       F
            +---------+---------+-------+---------+---------+-------
      Total |  255604 |  154080 |  37.6 |     837 |     343 |  29.1
            +---------+---------+-------+---------+---------+-------
        D:1 |      51 |       8 |  13.6 |      31 |       6 |  16.2
        D:2 |      34 |       0 |   0.0 |      13 |       0 |   0.0
        D:3 |      35 |      65 |  65.0 |      12 |       8 |  40.0
        D:4 |     283 |     202 |  41.6 |      18 |       1 |   5.3
        D:5 |     643 |     536 |  45.5 |      13 |       2 |  13.3
        D:6 |     660 |     154 |  18.9 |      18 |       1 |   5.3
        D:7 |    1785 |    4230 |  70.3 |      17 |      17 |  50.0
        D:8 |    3003 |    1117 |  27.1 |      27 |       7 |  20.6
        D:9 |    3293 |    1513 |  31.5 |      50 |       1 |   2.0
       D:10 |    2228 |       0 |   0.0 |      17 |       0 |   0.0
       D:11 |    4170 |       0 |   0.0 |       9 |       0 |   0.0
       D:12 |    5292 |     937 |  15.0 |      23 |      12 |  34.3
       D:13 |    6674 |   16852 |  71.6 |       9 |      32 |  78.0
       D:14 |    4010 |    3786 |  48.6 |      20 |       9 |  31.0
       D:15 |    2834 |    5072 |  64.2 |      10 |       8 |  44.4
     Lair:1 |    7197 |    4497 |  38.5 |      29 |      25 |  46.3
     Lair:2 |    5082 |     153 |   2.9 |      25 |       1 |   3.8
     Lair:3 |    6366 |    3481 |  35.4 |      24 |      10 |  29.4
     Lair:4 |   15208 |     635 |   4.0 |      46 |       2 |   4.2
     Lair:5 |   23868 |   10946 |  31.4 |      65 |      27 |  29.3
   Shoals:1 |    8919 |       0 |   0.0 |      15 |       0 |   0.0
   Shoals:2 |   23740 |    5159 |  17.9 |      46 |       6 |  11.5
   Shoals:3 |    9858 |    1440 |  12.7 |      19 |       5 |  20.8
    Snake:1 |   16194 |       0 |   0.0 |      33 |       0 |   0.0
    Snake:2 |   24600 |       0 |   0.0 |      53 |       0 |   0.0
    Snake:3 |   14949 |    7425 |  33.2 |      30 |      21 |  41.2
    Snake:4 |   22283 |   23483 |  51.3 |      44 |      34 |  43.6
      Orc:1 |    3002 |       0 |   0.0 |      26 |       0 |   0.0
      Orc:2 |    2307 |    6958 |  75.1 |      36 |      30 |  45.5
   Vaults:1 |   16891 |   24374 |  59.1 |      24 |      36 |  60.0
   Vaults:2 |   20145 |   31057 |  60.7 |      35 |      42 |  54.5
            +---------+---------+-------+---------+---------+-------
